Workbook
Name ÉServiço: [3]BM!$E1<>""
Name Excel_BuiltIn_Database: #REF!
Name Excel_BuiltIn_Print_Area_1_1: #REF!
Name Excel_BuiltIn_Print_Area_1_1_1: #REF!
Name Excel_BuiltIn_Print_Area_1_1_1_1: #REF!
Name Excel_BuiltIn_Print_Area_1_1_1_1_1: #REF!
Name Excel_BuiltIn_Print_Area_1_9: #REF!
Name Excel_BuiltIn_Print_Area_2_1: #REF!
Name Excel_BuiltIn_Print_Area_8_1_1_1: #REF!
Name Excel_BuiltIn_Print_Area_9: #REF!
Name Excel_BuiltIn_Print_Area_9_1: #REF!
Name Excel_BuiltIn_Print_Titles_1_1: #REF!
Name Excel_BuiltIn_Print_Titles_2: #REF!
Name Excel_BuiltIn_Print_Titles_9: #REF!
Name RegimeExecucao: IF(OR([3]DADOS!$A$33="Empreitada Preço Global",[3]DADOS!$A$33="Empreitada Integral"),"Global","Unitário")

Sheet PLANILHA ORÇAMENTÁRIA
A1: MUNICÍPIO DE MARAVILHAS
A2: PLANILHA ORÇAMENTÁRIA DE CUSTOS
A3: PREFEITURA MUNICIPAL DE MARAVILHAS | F3: Nº DE FOLHAS: | H3: 06
A4: OBRA: Reforma da Praça 21 de Abril e Praça 13 de Maio | F4: DATA: | H4: 46295
A5: LOCAL: Praça 21 de Abril e Praça 13 de Maio, bairro Centro, Município de Maravilhas-MG. | F5: FORMA DE EXECUÇÃO:
A6: REGIÃO/MÊS DE REFERÊNCIA: SEINFRA/Região Central - Abril/2026 - Sem Desoneração; SINAPI-MG - Agosto/2026 - Não Desonerada | F6: ( ) | G6: DIRETA | H6: ( X ) | I6: INDIRETA
A7: COMPOSIÇÃO/DEMONSTRATIVO DE BDI - EM ANEXO | F7: % ISS MUNICIPAL: | G7: 0.03 | H7: BDI: | I7: 0.2375
A9: ITEM | B9: FONTE | C9: CÓDIGO | D9: DESCRIÇÃO | E9: UNID. | F9: QUANT. | G9: PREÇO UNITÁRIO S/ BDI | H9: CUSTO UNITÁRIO C/ BDI | I9: CUSTO TOTAL
A11: ITEM A - PRAÇA 21 DE ABRIL | G11: TOTAL ITEM A: | I11: =SUM(I13+I16+I22+I25+I32+I37+I43+I47+I52) -> 0
A13: SERVIÇOS PRELIMINARES | G13: SUBTOTAL: | I13: =SUM(I14:I15) -> 0
A14: 1 | B14: SEINFRA | C14: ED-16660 | D14: FORNECIMENTO E COLOCAÇÃO DE PLACA DE OBRA EM CHAPA GALVANIZADA #26, ESP. 0,45 MM, PLOTADA COM ADESIVO VINÍLICO, AFIXADA COM REBITES 4,8X40 MM, EM ESTRUTURA METÁLICA DE METALON 20X20 MM, ESP. 1,25 MM, INCLUSIVE SUPORTE EM EUCALIPTO AUTOCLAVADO PINTADO COM TINTA PVA DUAS (2) DEMÃOS | E14: m² | F14: ='MEM. CÁLCULO'!D5 -> 2.88 | H14: =TRUNC((G14)+(G14*$I$7),2) -> 0 | I14: =TRUNC(F14*H14,2) -> 0
A15: 2 | B15: SEINFRA | C15: ED-17989 | D15: LOCAÇÃO DE OBRA COM GABARITO DE TÁBUAS CORRIDAS PONTALETADAS A CADA 2,00M, REAPROVEITAMENTO (2X), INCLUSIVE ACOMPANHAMENTO DE EQUIPE TOPOGRÁFICA PARA MARCAÇÃO DE PONTO TOPOGRÁFICO | E15: m | F15: ='MEM. CÁLCULO'!D6 -> 62.96 | H15: =TRUNC((G15)+(G15*$I$7),2) -> 0 | I15: =TRUNC(F15*H15,2) -> 0
A16: DEMOLIÇÃO / REMOÇÃO | G16: SUBTOTAL: | I16: =SUM(I17:I21) -> 0
A17: 3 | B17: SEINFRA | C17: ED-48479 | D17: DEMOLIÇÃO MANUAL DE PISO CIMENTADO OU CONTRAPISO DE ARGAMASSA, COM ESPESSURA MÁXIMA DE 10CM, INCLUSIVE AFASTAMENTO E EMPILHAMENTO, EXCLUSIVE TRANSPORTE E RETIRADA DO MATERIAL DEMOLIDO | E17: m² | F17: ='MEM. CÁLCULO'!D11 -> 405.59 | H17: =TRUNC((G17)+(G17*$I$7),2) -> 0 | I17: =TRUNC(F17*H17,2) -> 0
A18: 4 | B18: SEINFRA | C18: ED-48435 | D18: DEMOLIÇÃO MANUAL DE ALVENARIA DE TIJOLO CERÂMICO OU BLOCO DE CONCRETO, INCLUSIVE AFASTAMENTO E EMPILHAMENTO, EXCLUSIVE TRANSPORTE E RETIRADA DO MATERIAL DEMOLIDO | E18: m³ | F18: ='MEM. CÁLCULO'!D17 -> 1.94 | H18: =TRUNC((G18)+(G18*$I$7),2) -> 0 | I18: =TRUNC(F18*H18,2) -> 0
A19: 5 | B19: SEINFRA | C19: ED-48472 | D19: REMOÇÃO MANUAL DE GUIA DE MEIO-FIO PRÉ-MOLDADA EM CONCRETO, COM REAPROVEITAMENTO, INCLUSIVE AFASTAMENTO E EMPILHAMENTO, EXCLUSIVE TRANSPORTE E RETIRADA DO MATERIAL REMOVIDO NÃO REAPROVEITÁVEL | E19: m | F19: ='MEM. CÁLCULO'!D18 -> 98.01 | H19: =TRUNC((G19)+(G19*$I$7),2) -> 0 | I19: =TRUNC(F19*H19,2) -> 0
A20: 6 | B20: SEINFRA | C20: ED-50699 | D20: CORTE DE ÁRVORE COM MOTOSSERRA, DIÂMETRO DO TRONCO ACIMA DE TRINTA (30) CENTÍMETROS ATÉ CINQUENTA (50) CENTÍMETROS, EXCLUSIVE DESTOCAMENTO E AFASTAMENTO | E20: Unid. | F20: ='MEM. CÁLCULO'!D23 -> 1 | H20: =TRUNC((G20)+(G20*$I$7),2) -> 0 | I20: =TRUNC(F20*H20,2) -> 0
A21: 7 | B21: SEINFRA | C21: ED-50702 | D21: DESMATAMENTO, DESTOCAMENTO E LIMPEZA, INCLUSIVE TRANSPORTE ATÉ CINQUENTA (50) METROS | E21: m² | F21: ='MEM. CÁLCULO'!D24 -> 189.07 | H21: =TRUNC((G21)+(G21*$I$7),2) -> 0 | I21: =TRUNC(F21*H21,2) -> 0
A22: MOVIMENTAÇÃO DE TERRA | G22: SUBTOTAL: | I22: =SUM(I23:I24) -> 0
A23: 8 | B23: SEINFRA | C23: ED-51110 | D23: ESCAVAÇÃO MANUAL DE TERRA (DESATERRO MANUAL), INCLUSIVE DESCARGA LATERAL, EXCLUSIVE RETIRADA E TRANSPORTE DO MATERIAL ESCAVADO | E23: m³ | F23: ='MEM. CÁLCULO'!D33 -> 1.81 | H23: =TRUNC((G23)+(G23*$I$7),2) -> 0 | I23: =TRUNC(F23*H23,2) -> 0
A24: 9 | B24: SEINFRA | C24: ED-51121 | D24: REATERRO MANUAL DE VALA, INCLUSIVE ESPALHAMENTO E COMPACTAÇÃO MECANIZADA COM PLACA VIBRATÓRIA | E24: m³ | F24: ='MEM. CÁLCULO'!D34 -> 154.86 | H24: =TRUNC((G24)+(G24*$I$7),2) -> 0 | I24: =TRUNC(F24*H24,2) -> 0
A25: MURO DE ARRIMO | G25: SUBTOTAL: | I25: =SUM(I26:I31) -> 0
A26: 10 | B26: SEINFRA | C26: ED-51107 | D26: ESCAVAÇÃO MANUAL DE VALA COM PROFUNDIDADE MENOR OU IGUAL A 1,5M, INCLUSIVE DESCARGA LATERAL | E26: m³ | F26: ='MEM. CÁLCULO'!D36 -> 2.68 | H26: =TRUNC((G26)+(G26*$I$7),2) -> 0 | I26: =TRUNC(F26*H26,2) -> 0
A27: 11 | B27: SEINFRA | C27: ED-51093 | D27: APILOAMENTO MANUAL EM FUNDO DE VALA COM SOQUETE, EXCLUSIVE ESCAVAÇÃO | E27: m² | F27: ='MEM. CÁLCULO'!D40 -> 13.39 | H27: =TRUNC((G27)+(G27*$I$7),2) -> 0 | I27: =TRUNC(F27*H27,2) -> 0
A28: 12 | B28: SEINFRA | C28: ED-48295 | D28: CORTE, DOBRA E MONTAGEM DE AÇO CA-50, DIÂMETRO (6,3MM A 12,5MM), INCLUSIVE ESPAÇADOR | E28: Kg | F28: ='MEM. CÁLCULO'!D44 -> 171.91 | H28: =TRUNC((G28)+(G28*$I$7),2) -> 0 | I28: =TRUNC(F28*H28,2) -> 0
A29: 13 | B29: SEINFRA | C29: ED-48297 | D29: CORTE, DOBRA E MONTAGEM DE AÇO CA-60, DIÂMETRO (4,2MM A 5,0MM), INCLUSIVE ESPAÇADOR | E29: Kg | F29: ='MEM. CÁLCULO'!D56 -> 29.57 | H29: =TRUNC((G29)+(G29*$I$7),2) -> 0 | I29: =TRUNC(F29*H29,2) -> 0
A30: 14 | B30: SEINFRA | C30: ED-49786 | D30: FORNECIMENTO DE CONCRETO ESTRUTURAL, PREPARADO EM OBRA COM BETONEIRA, COM FCK 20MPA, INCLUSIVE LANÇAMENTO, ADENSAMENTO E ACABAMENTO (FUNDAÇÃO) | E30: m³ | F30: ='MEM. CÁLCULO'!D60 -> 2.68 | H30: =TRUNC((G30)+(G30*$I$7),2) -> 0 | I30: =TRUNC(F30*H30,2) -> 0
A31: 15 | B31: SEINFRA | C31: ED-48220 | D31: ALVENARIA DE BLOCO DE CONCRETO CHEIO SEM ARMAÇÃO, EM CONCRETO COM FCK DE 20MPA , ESP. 19CM, PARA REVESTIMENTO, INCLUSIVE ARGAMASSA PARA ASSENTAMENTO (DETALHE D - CADERNO SEDS) | E31: m² | F31: ='MEM. CÁLCULO'!D64 -> 34.76 | H31: =TRUNC((G31)+(G31*$I$7),2) -> 0 | I31: =TRUNC(F31*H31,2) -> 0
A32: PISOS | G32: SUBTOTAL: | I32: =SUM(I33:I36) -> 0
A33: 16 | B33: SINAPI | C33: 94273 | D33: ASSENTAMENTO DE GUIA (MEIO-FIO) EM TRECHO RETO, CONFECCIONADA EM CONCRETO PRÉ-FABRICADO, DIMENSÕES 100X15X13X30 CM (COMPRIMENTO X BASE INFERIOR X BASE SUPERIOR X ALTURA). AF_01/2024 | E33: m | F33: ='MEM. CÁLCULO'!D69 -> 73.08 | H33: =TRUNC((G33)+(G33*$I$7),2) -> 0 | I33: =TRUNC(F33*H33,2) -> 0
A34: 17 | B34: SEINFRA | C34: ED-8915 | D34: EXECUÇÃO DE PAVIMENTO COM PISO INTERTRAVADO, TIPO RETANGULAR, ESP. 6CM, COM FCK DE 35MPA, INCLUSIVE COLCHÃO DE AREIA, ESP. 6CM, PARA ASSENTAMENTO, COMPACTAÇÃO MECANIZADA, CARGA E DESCARGA MECÂNICA EM CAMINHÃO, EXCLUSIVE TRANSPORTE DE PISO INTERTRAVADO | E34: m² | F34: ='MEM. CÁLCULO'!D74 -> 360.04 | H34: =TRUNC((G34)+(G34*$I$7),2) -> 0 | I34: =TRUNC(F34*H34,2) -> 0
A35: 18 | B35: SEINFRA | C35: ED-50846 | D35: ESCADA DE CONCRETO 20 MPa, APARENTE, ESPELHO = 15 A 18 CM, ARMAÇÃO, FÔRMA PLASTIFICADA, ESCORAMENTO E DESFORMA | E35: m³ | F35: ='MEM. CÁLCULO'!D78 -> 2.6 | H35: =TRUNC((G35)+(G35*$I$7),2) -> 0 | I35: =TRUNC(F35*H35,2) -> 0
A36: 19 | B36: COMPOSIÇÃO | C36: CPU-01 | D36: REVESTIMENTO DE PISO COM PEDRA MIRACEMA NA COR CINZA, PEÇAS COM 11,5X23CM, ESP. 1CM, ACABAMENTO NATURAL, INCLUSIVE FORNECIMENTO DO MATERIAL DE REVESTIMENTO, ASSENTAMENTO COM ARGAMASSA INDUSTRIALIZADA E REJUNTAMENTO | E36: m² | F36: ='MEM. CÁLCULO'!D80 -> 21 | H36: =TRUNC((G36)+(G36*$I$7),2) -> 0 | I36: =TRUNC(F36*H36,2) -> 0
A37: REVESTIMENTOS E PINTURA | G37: SUBTOTAL: | I37: =SUM(I38:I42) -> 0
A38: 20 | B38: SEINFRA | C38: ED-50727 | D38: CHAPISCO COM ARGAMASSA, TRAÇO 1:3 (CIMENTO E AREIA), ESP. 5MM, APLICADO EM ALVENARIA/ESTRUTURA DE CONCRETO COM COLHER, INCLUSIVE ARGAMASSA COM PREPARO MECANIZADO | E38: m² | F38: ='MEM. CÁLCULO'!D86 -> 25.86 | H38: =TRUNC((G38)+(G38*$I$7),2) -> 0 | I38: =TRUNC(F38*H38,2) -> 0
A39: 21 | B39: SEINFRA | C39: ED-6282 | D39: REBOCO COM ARGAMASSA, TRAÇO 1:2:8 (CIMENTO, CAL E AREIA), ESP. 25MM, APLICAÇÃO MANUAL, INCLUSIVE ARGAMASSA COM PREPARO MECANIZADO | E39: m² | F39: ='MEM. CÁLCULO'!D92 -> 25.86 | H39: =TRUNC((G39)+(G39*$I$7),2) -> 0 | I39: =TRUNC(F39*H39,2) -> 0
A40: 22 | B40: SEINFRA | C40: ED-50514 | D40: PREPARAÇÃO PARA EMASSAMENTO OU PINTURA (LÁTEX/ACRÍLICA) EM PAREDE, INCLUSIVE UMA (1) DEMÃO DE SELADOR ACRÍLICO | E40: m² | F40: ='MEM. CÁLCULO'!D93 -> 25.86 | H40: =TRUNC((G40)+(G40*$I$7),2) -> 0 | I40: =TRUNC(F40*H40,2) -> 0
A41: 23 | B41: SEINFRA | C41: ED-50451 | D41: PINTURA ACRÍLICA EM PAREDE, DUAS (2) DEMÃOS, COM APLICAÇÃO MANUAL, EXCLUSIVE SELADOR ACRÍLICO E MASSA ACRÍLICA/CORRIDA (PVA) | E41: m² | F41: ='MEM. CÁLCULO'!D94 -> 25.86 | H41: =TRUNC((G41)+(G41*$I$7),2) -> 0 | I41: =TRUNC(F41*H41,2) -> 0
A42: 24 | B42: SEINFRA | C42: RO-13906 | D42: CAIAÇÃO MANUAL, TRÊS DEMÃOS (EXECUÇÃO, INCLUI FORNECIMENTO E APLICAÇÃO DA CAL HIDRATADA PARA CAIAÇÃO) | E42: m² | F42: ='MEM. CÁLCULO'!D95 -> 54.13 | H42: =TRUNC((G42)+(G42*$I$7),2) -> 0 | I42: =TRUNC(F42*H42,2) -> 0
A43: PAISAGISMO | G43: SUBTOTAL: | I43: =SUM(I44:I46) -> 0
A44: 25 | B44: SEINFRA | C44: ED-50432 | D44: PLANTIO E PREPARO DE COVAS PARA ÁRVORES COM ALTURA MÉDIA DE 2,00M, DIMENSÕES (60X60X60)CM, EXCLUSIVE FORNECIMENTO DAS MUDAS | E44: Unid. | F44: ='MEM. CÁLCULO'!D98 -> 1 | H44: =TRUNC((G44)+(G44*$I$7),2) -> 0 | I44: =TRUNC(F44*H44,2) -> 0
A45: 26 | B45: SEINFRA | C45: ED-25243 | D45: FORNECIMENTO DE PALMEIRA JERIVÁ COM ALTURA MÉDIA DE 2,00M, EXCLUSIVE PLANTIO | E45: Unid. | F45: ='MEM. CÁLCULO'!D99 -> 1 | H45: =TRUNC((G45)+(G45*$I$7),2) -> 0 | I45: =TRUNC(F45*H45,2) -> 0
A46: 27 | B46: SEINFRA | C46: ED-50437 | D46: PLANTIO DE GRAMA ESMERALDA EM PLACAS, INCLUSIVE TERRA VEGETAL E CONSERVAÇÃO POR TRINTA (30) DIAS | E46: m² | F46: ='MEM. CÁLCULO'!D100 -> 207.86 | H46: =TRUNC((G46)+(G46*$I$7),2) -> 0 | I46: =TRUNC(F46*H46,2) -> 0
A47: MOBILIÁRIO URBANO E ILUMINAÇÃO | G47: SUBTOTAL: | I47: =SUM(I48:I51) -> 0
A48: 28 | B48: SINAPI | C48: 101654 | D48: LUMINÁRIA DE LED PARA ILUMINAÇÃO PÚBLICA, DE 33 W ATÉ 50 W - FORNECIMENTO E INSTALAÇÃO. AF_02/2025_PS | E48: Unid. | F48: ='MEM. CÁLCULO'!D108 -> 26 | H48: =TRUNC((G48)+(G48*$I$7),2) -> 0 | I48: =TRUNC(F48*H48,2) -> 0
A49: 29 | B49: SEINFRA | C49: ED-22380 | D49: POSTE DE AÇO GALVANIZADO, ALTURA LIVRE MÍNIMA DE 6M, COM 2 REFLETORES DE LED, POTÊNCIA DE 200W CADA, INCLUSIVE FIAÇÃO, SUPORTE E FUNDAÇÃO | E49: Unid. | F49: ='MEM. CÁLCULO'!D109 -> 3 | H49: =TRUNC((G49)+(G49*$I$7),2) -> 0 | I49: =TRUNC(F49*H49,2) -> 0
A50: 30 | B50: SEINFRA | C50: ED-15448 | D50: BANCO EM CONCRETO APARENTE, TIPO-2, PADRÃO SEE-MG, SEM ENCOSTO, POLIDO COM ACABAMENTO EM VERNIZ, ESP. 5CM, COMPRIMENTO 150CM, LARGURA 40CM, ALTURA 45CM, INCLUSIVE CORTE NO PISO PARA FIXAÇÃO COM CONCRETO NÃO ESTRUTURAL, PREPARADO EM OBRA COM BETONEIRA, COM FCK 15 MPA | E50: Unid. | F50: ='MEM. CÁLCULO'!D110 -> 8 | H50: =TRUNC((G50)+(G50*$I$7),2) -> 0 | I50: =TRUNC(F50*H50,2) -> 0
A51: 31 | B51: SEINFRA | C51: ED-32001 | D51: CORRIMÃO DUPLO EM TUBO GALVANIZADO, COM COSTURA, DIÂMETRO DE 1.1/2", ESP. 3MM, FIXADO EM PISO COM MONTANTE VERTICAL, DIÂMETRO DE 1.1/2", INCLUSIVE SUPORTE PARA CORRIMÃO EM BARRA CHATA (1"X1/2"), EXCLUSIVE PINTURA | E51: m | F51: ='MEM. CÁLCULO'!D111 -> 12.6 | H51: =TRUNC((G51)+(G51*$I$7),2) -> 0 | I51: =TRUNC(F51*H51,2) -> 0
A52: ENTREGA DE OBRA | G52: SUBTOTAL: | I52: =SUM(I53:I54) -> 0
A53: 32 | B53: SEINFRA | C53: ED-50634 | D53: PLACA DE ALUMÍNIO FUNDIDO, DIMENSÃO (60X40)CM, PARA INAUGURAÇÃO, INCLUSIVE FIXAÇÃO | E53: Unid. | F53: ='MEM. CÁLCULO'!D114 -> 1 | H53: =TRUNC((G53)+(G53*$I$7),2) -> 0 | I53: =TRUNC(F53*H53,2) -> 0
A54: 33 | B54: SEINFRA | C54: ED-50266 | D54: LIMPEZA FINAL PARA ENTREGA DA OBRA | E54: m² | F54: ='MEM. CÁLCULO'!D115 -> 371.23 | H54: =TRUNC((G54)+(G54*$I$7),2) -> 0 | I54: =TRUNC(F54*H54,2) -> 0
A56: ITEM B - PRAÇA 13 DE MAIO | G56: TOTAL ITEM B: | I56: =SUM(I58+I61+I70+I73+I80+I85+I93+I95+I102) -> 0
A58: SERVIÇOS PRELIMINARES | G58: SUBTOTAL: | I58: =SUM(I59:I60) -> 0
A59: 34 | B59: SEINFRA | C59: ED-16660 | D59: FORNECIMENTO E COLOCAÇÃO DE PLACA DE OBRA EM CHAPA GALVANIZADA #26, ESP. 0,45 MM, PLOTADA COM ADESIVO VINÍLICO, AFIXADA COM REBITES 4,8X40 MM, EM ESTRUTURA METÁLICA DE METALON 20X20 MM, ESP. 1,25 MM, INCLUSIVE SUPORTE EM EUCALIPTO AUTOCLAVADO PINTADO COM TINTA PVA DUAS (2) DEMÃOS | E59: m² | F59: ='MEM. CÁLCULO'!D118 -> 2.88 | H59: =TRUNC((G59)+(G59*$I$7),2) -> 0 | I59: =TRUNC(F59*H59,2) -> 0
A60: 35 | B60: SEINFRA | C60: ED-17989 | D60: LOCAÇÃO DE OBRA COM GABARITO DE TÁBUAS CORRIDAS PONTALETADAS A CADA 2,00M, REAPROVEITAMENTO (2X), INCLUSIVE ACOMPANHAMENTO DE EQUIPE TOPOGRÁFICA PARA MARCAÇÃO DE PONTO TOPOGRÁFICO | E60: m | F60: ='MEM. CÁLCULO'!D119 -> 96.02 | H60: =TRUNC((G60)+(G60*$I$7),2) -> 0 | I60: =TRUNC(F60*H60,2) -> 0
A61: DEMOLIÇÃO / REMOÇÃO | G61: SUBTOTAL: | I61: =SUM(I62:I69) -> 0
A62: 36 | B62: SEINFRA | C62: ED-48479 | D62: DEMOLIÇÃO MANUAL DE PISO CIMENTADO OU CONTRAPISO DE ARGAMASSA, COM ESPESSURA MÁXIMA DE 10CM, INCLUSIVE AFASTAMENTO E EMPILHAMENTO, EXCLUSIVE TRANSPORTE E RETIRADA DO MATERIAL DEMOLIDO | E62: m² | F62: ='MEM. CÁLCULO'!D122 -> 261.48 | H62: =TRUNC((G62)+(G62*$I$7),2) -> 0 | I62: =TRUNC(F62*H62,2) -> 0
A63: 37 | B63: SEINFRA | C63: ED-48435 | D63: DEMOLIÇÃO MANUAL DE ALVENARIA DE TIJOLO CERÂMICO OU BLOCO DE CONCRETO, INCLUSIVE AFASTAMENTO E EMPILHAMENTO, EXCLUSIVE TRANSPORTE E RETIRADA DO MATERIAL DEMOLIDO | E63: m³ | F63: ='MEM. CÁLCULO'!D124 -> 0.67 | H63: =TRUNC((G63)+(G63*$I$7),2) -> 0 | I63: =TRUNC(F63*H63,2) -> 0
A64: 38 | B64: SEINFRA | C64: ED-48440 | D64: DEMOLIÇÃO MANUAL DE CONCRETO, SEM ARMAÇÃO, INCLUSIVE AFASTAMENTO E EMPILHAMENTO, EXCLUSIVE TRANSPORTE E RETIRADA DO MATERIAL DEMOLIDO (BANCOS) | E64: m³ | F64: ='MEM. CÁLCULO'!D127 -> 2 | H64: =TRUNC((G64)+(G64*$I$7),2) -> 0 | I64: =TRUNC(F64*H64,2) -> 0
A65: 39 | B65: SEINFRA | C65: ED-48501 | D65: DEMOLIÇÃO MANUAL DE REBOCO OU EMBOÇO, COM ESPESSURA DE ATÉ 55MM, INCLUSIVE AFASTAMENTO E EMPILHAMENTO, EXCLUSIVE TRANSPORTE E RETIRADA DO MATERIAL DEMOLIDO | E65: m² | F65: ='MEM. CÁLCULO'!D128 -> 57.99 | H65: =TRUNC((G65)+(G65*$I$7),2) -> 0 | I65: =TRUNC(F65*H65,2) -> 0
A66: 40 | B66: SEINFRA | C66: ED-48472 | D66: REMOÇÃO MANUAL DE GUIA DE MEIO-FIO PRÉ-MOLDADA EM CONCRETO, COM REAPROVEITAMENTO, INCLUSIVE AFASTAMENTO E EMPILHAMENTO, EXCLUSIVE TRANSPORTE E RETIRADA DO MATERIAL REMOVIDO NÃO REAPROVEITÁVEL | E66: m | F66: ='MEM. CÁLCULO'!D129 -> 35.15 | H66: =TRUNC((G66)+(G66*$I$7),2) -> 0 | I66: =TRUNC(F66*H66,2) -> 0
A67: 41 | B67: COMPOSIÇÃO | C67: CPU-02 | D67: REMOÇÃO MANUAL DE EQUIPAMENTOS DE ACADEMIA AO AR LIVRE COM REAPROVEITAMENTO, INCLUSIVE AFASTAMENTO ATÉ 50M E EMPILHAMENTO DO MATERIAL DEMOLIDO | E67: Unid. | F67: ='MEM. CÁLCULO'!D131 -> 7 | H67: =TRUNC((G67)+(G67*$I$7),2) -> 0 | I67: =TRUNC(F67*H67,2) -> 0
A68: 42 | B68: SEINFRA | C68: ED-50699 | D68: CORTE DE ÁRVORE COM MOTOSSERRA, DIÂMETRO DO TRONCO ACIMA DE TRINTA (30) CENTÍMETROS ATÉ CINQUENTA (50) CENTÍMETROS, EXCLUSIVE DESTOCAMENTO E AFASTAMENTO | E68: Unid. | F68: ='MEM. CÁLCULO'!D132 -> 1 | H68: =TRUNC((G68)+(G68*$I$7),2) -> 0 | I68: =TRUNC(F68*H68,2) -> 0
A69: 43 | B69: SEINFRA | C69: ED-50702 | D69: DESMATAMENTO, DESTOCAMENTO E LIMPEZA, INCLUSIVE TRANSPORTE ATÉ CINQUENTA (50) METROS | E69: m² | F69: ='MEM. CÁLCULO'!D133 -> 601.22 | H69: =TRUNC((G69)+(G69*$I$7),2) -> 0 | I69: =TRUNC(F69*H69,2) -> 0
A70: MOVIMENTAÇÃO DE TERRA | G70: SUBTOTAL: | I70: =SUM(I71:I72) -> 0
A71: 44 | B71: SEINFRA | C71: ED-51110 | D71: ESCAVAÇÃO MANUAL DE TERRA (DESATERRO MANUAL), INCLUSIVE DESCARGA LATERAL, EXCLUSIVE RETIRADA E TRANSPORTE DO MATERIAL ESCAVADO | E71: m³ | F71: ='MEM. CÁLCULO'!Q140 -> 5.81 | H71: =TRUNC((G71)+(G71*$I$7),2) -> 0 | I71: =TRUNC(F71*H71,2) -> 0
A72: 45 | B72: SEINFRA | C72: ED-51121 | D72: REATERRO MANUAL DE VALA, INCLUSIVE ESPALHAMENTO E COMPACTAÇÃO MECANIZADA COM PLACA VIBRATÓRIA | E72: m³ | F72: ='MEM. CÁLCULO'!Q141 -> 74.82 | H72: =TRUNC((G72)+(G72*$I$7),2) -> 0 | I72: =TRUNC(F72*H72,2) -> 0
A73: MURO DE ARRIMO | G73: SUBTOTAL: | I73: =SUM(I74:I79) -> 0
A74: 46 | B74: SEINFRA | C74: ED-51107 | D74: ESCAVAÇÃO MANUAL DE VALA COM PROFUNDIDADE MENOR OU IGUAL A 1,5M, INCLUSIVE DESCARGA LATERAL | E74: m³ | F74: ='MEM. CÁLCULO'!D143 -> 1.2 | H74: =TRUNC((G74)+(G74*$I$7),2) -> 0 | I74: =TRUNC(F74*H74,2) -> 0
A75: 47 | B75: SEINFRA | C75: ED-51093 | D75: APILOAMENTO MANUAL EM FUNDO DE VALA COM SOQUETE, EXCLUSIVE ESCAVAÇÃO | E75: m² | F75: ='MEM. CÁLCULO'!D145 -> 5.98 | H75: =TRUNC((G75)+(G75*$I$7),2) -> 0 | I75: =TRUNC(F75*H75,2) -> 0
A76: 48 | B76: SEINFRA | C76: ED-48295 | D76: CORTE, DOBRA E MONTAGEM DE AÇO CA-50, DIÂMETRO (6,3MM A 12,5MM), INCLUSIVE ESPAÇADOR | E76: Kg | F76: ='MEM. CÁLCULO'!D147 -> 62.73 | H76: =TRUNC((G76)+(G76*$I$7),2) -> 0 | I76: =TRUNC(F76*H76,2) -> 0
A77: 49 | B77: SEINFRA | C77: ED-48297 | D77: CORTE, DOBRA E MONTAGEM DE AÇO CA-60, DIÂMETRO (4,2MM A 5,0MM), INCLUSIVE ESPAÇADOR | E77: Kg | F77: ='MEM. CÁLCULO'!D153 -> 15.25 | H77: =TRUNC((G77)+(G77*$I$7),2) -> 0 | I77: =TRUNC(F77*H77,2) -> 0
A78: 50 | B78: SEINFRA | C78: ED-49786 | D78: FORNECIMENTO DE CONCRETO ESTRUTURAL, PREPARADO EM OBRA COM BETONEIRA, COM FCK 20MPA, INCLUSIVE LANÇAMENTO, ADENSAMENTO E ACABAMENTO (FUNDAÇÃO) | E78: m³ | F78: ='MEM. CÁLCULO'!D155 -> 1.2 | H78: =TRUNC((G78)+(G78*$I$7),2) -> 0 | I78: =TRUNC(F78*H78,2) -> 0
A79: 51 | B79: SEINFRA | C79: ED-48220 | D79: ALVENARIA DE BLOCO DE CONCRETO CHEIO SEM ARMAÇÃO, EM CONCRETO COM FCK DE 20MPA , ESP. 19CM, PARA REVESTIMENTO, INCLUSIVE ARGAMASSA PARA ASSENTAMENTO (DETALHE D - CADERNO SEDS) | E79: m² | F79: ='MEM. CÁLCULO'!D157 -> 10.15 | H79: =TRUNC((G79)+(G79*$I$7),2) -> 0 | I79: =TRUNC(F79*H79,2) -> 0
A80: PISOS | G80: SUBTOTAL: | I80: =SUM(I81:I84) -> 0
A81: 52 | B81: SINAPI | C81: 94273 | D81: ASSENTAMENTO DE GUIA (MEIO-FIO) EM TRECHO RETO, CONFECCIONADA EM CONCRETO PRÉ-FABRICADO, DIMENSÕES 100X15X13X30 CM (COMPRIMENTO X BASE INFERIOR X BASE SUPERIOR X ALTURA). AF_01/2024 | E81: m | F81: ='MEM. CÁLCULO'!D160 -> 48.13 | H81: =TRUNC((G81)+(G81*$I$7),2) -> 0 | I81: =TRUNC(F81*H81,2) -> 0
A82: 53 | B82: SEINFRA | C82: ED-8915 | D82: EXECUÇÃO DE PAVIMENTO COM PISO INTERTRAVADO, TIPO RETANGULAR, ESP. 6CM, COM FCK DE 35MPA, INCLUSIVE COLCHÃO DE AREIA, ESP. 6CM, PARA ASSENTAMENTO, COMPACTAÇÃO MECANIZADA, CARGA E DESCARGA MECÂNICA EM CAMINHÃO, EXCLUSIVE TRANSPORTE DE PISO INTERTRAVADO | E82: m² | F82: ='MEM. CÁLCULO'!D161 -> 422.9 | H82: =TRUNC((G82)+(G82*$I$7),2) -> 0 | I82: =TRUNC(F82*H82,2) -> 0
A83: 54 | B83: SEINFRA | C83: ED-50846 | D83: ESCADA DE CONCRETO 20 MPa, APARENTE, ESPELHO = 15 A 18 CM, ARMAÇÃO, FÔRMA PLASTIFICADA, ESCORAMENTO E DESFORMA | E83: m³ | F83: ='MEM. CÁLCULO'!D164 -> 1.56 | H83: =TRUNC((G83)+(G83*$I$7),2) -> 0 | I83: =TRUNC(F83*H83,2) -> 0
A84: 55 | B84: COMPOSIÇÃO | C84: CPU-01 | D84: REVESTIMENTO DE PISO COM PEDRA MIRACEMA NA COR CINZA, PEÇAS COM 11,5X23CM, ESP. 1CM, ACABAMENTO NATURAL, INCLUSIVE FORNECIMENTO DO MATERIAL DE REVESTIMENTO, ASSENTAMENTO COM ARGAMASSA INDUSTRIALIZADA E REJUNTAMENTO | E84: m² | F84: ='MEM. CÁLCULO'!D165 -> 23.28 | H84: =TRUNC((G84)+(G84*$I$7),2) -> 0 | I84: =TRUNC(F84*H84,2) -> 0
A85: REVESTIMENTOS E PINTURA | G85: SUBTOTAL: | I85: =SUM(I86:I92) -> 0
A86: 56 | B86: SEINFRA | C86: ED-50727 | D86: CHAPISCO COM ARGAMASSA, TRAÇO 1:3 (CIMENTO E AREIA), ESP. 5MM, APLICADO EM ALVENARIA/ESTRUTURA DE CONCRETO COM COLHER, INCLUSIVE ARGAMASSA COM PREPARO MECANIZADO | E86: m² | F86: ='MEM. CÁLCULO'!D172 -> 10.15 | H86: =TRUNC((G86)+(G86*$I$7),2) -> 0 | I86: =TRUNC(F86*H86,2) -> 0
A87: 57 | B87: SEINFRA | C87: ED-6282 | D87: REBOCO COM ARGAMASSA, TRAÇO 1:2:8 (CIMENTO, CAL E AREIA), ESP. 25MM, APLICAÇÃO MANUAL, INCLUSIVE ARGAMASSA COM PREPARO MECANIZADO | E87: m² | F87: ='MEM. CÁLCULO'!D174 -> 10.15 | H87: =TRUNC((G87)+(G87*$I$7),2) -> 0 | I87: =TRUNC(F87*H87,2) -> 0
A88: 58 | B88: SEINFRA | C88: ED-6288 | D88: REBOCO COM ARGAMASSA, TRAÇO 1:2:8 (CIMENTO, CAL E AREIA), ESP. 40MM, APLICAÇÃO MANUAL, INCLUSIVE ARGAMASSA COM PREPARO MECANIZADO (PREENCHIMENTO) | E88: m² | F88: ='MEM. CÁLCULO'!D175 -> 57.99 | H88: =TRUNC((G88)+(G88*$I$7),2) -> 0 | I88: =TRUNC(F88*H88,2) -> 0
A89: 59 | B89: SEINFRA | C89: ED-50505 | D89: LIXAMENTO MANUAL EM PAREDE PARA REMOÇÃO DE TINTA | E89: m² | F89: ='MEM. CÁLCULO'!D176 -> 29.74 | H89: =TRUNC((G89)+(G89*$I$7),2) -> 0 | I89: =TRUNC(F89*H89,2) -> 0
A90: 60 | B90: SEINFRA | C90: ED-50514 | D90: PREPARAÇÃO PARA EMASSAMENTO OU PINTURA (LÁTEX/ACRÍLICA) EM PAREDE, INCLUSIVE UMA (1) DEMÃO DE SELADOR ACRÍLICO | E90: m² | F90: ='MEM. CÁLCULO'!D177 -> 97.88 | H90: =TRUNC((G90)+(G90*$I$7),2) -> 0 | I90: =TRUNC(F90*H90,2) -> 0
A91: 61 | B91: SEINFRA | C91: ED-50451 | D91: PINTURA ACRÍLICA EM PAREDE, DUAS (2) DEMÃOS, COM APLICAÇÃO MANUAL, EXCLUSIVE SELADOR ACRÍLICO E MASSA ACRÍLICA/CORRIDA (PVA) | E91: m² | F91: ='MEM. CÁLCULO'!D180 -> 97.88 | H91: =TRUNC((G91)+(G91*$I$7),2) -> 0 | I91: =TRUNC(F91*H91,2) -> 0
A92: 62 | B92: SEINFRA | C92: RO-13906 | D92: CAIAÇÃO MANUAL, TRÊS DEMÃOS (EXECUÇÃO, INCLUI FORNECIMENTO E APLICAÇÃO DA CAL HIDRATADA PARA CAIAÇÃO) | E92: m² | F92: ='MEM. CÁLCULO'!D181 -> 77.87 | H92: =TRUNC((G92)+(G92*$I$7),2) -> 0 | I92: =TRUNC(F92*H92,2) -> 0
A93: PAISAGISMO | G93: SUBTOTAL: | I93: =SUM(I94:I94) -> 0
A94: 63 | B94: SEINFRA | C94: ED-50437 | D94: PLANTIO DE GRAMA ESMERALDA EM PLACAS, INCLUSIVE TERRA VEGETAL E CONSERVAÇÃO POR TRINTA (30) DIAS | E94: m² | F94: ='MEM. CÁLCULO'!D184 -> 415.19 | H94: =TRUNC((G94)+(G94*$I$7),2) -> 0 | I94: =TRUNC(F94*H94,2) -> 0
A95: MOBILIÁRIO URBANO E ILUMINAÇÃO | G95: SUBTOTAL: | I95: =SUM(I96:I101) -> 0
A96: 64 | B96: SINAPI | C96: 101654 | D96: LUMINÁRIA DE LED PARA ILUMINAÇÃO PÚBLICA, DE 33 W ATÉ 50 W - FORNECIMENTO E INSTALAÇÃO. AF_02/2025_PS | E96: Unid. | F96: ='MEM. CÁLCULO'!D193 -> 26 | H96: =TRUNC((G96)+(G96*$I$7),2) -> 0 | I96: =TRUNC(F96*H96,2) -> 0
A97: 65 | B97: SEINFRA | C97: ED-22380 | D97: POSTE DE AÇO GALVANIZADO, ALTURA LIVRE MÍNIMA DE 6M, COM 2 REFLETORES DE LED, POTÊNCIA DE 200W CADA, INCLUSIVE FIAÇÃO, SUPORTE E FUNDAÇÃO | E97: Unid. | F97: ='MEM. CÁLCULO'!D194 -> 7 | H97: =TRUNC((G97)+(G97*$I$7),2) -> 0 | I97: =TRUNC(F97*H97,2) -> 0
A98: 66 | B98: SEINFRA | C98: ED-15448 | D98: BANCO EM CONCRETO APARENTE, TIPO-2, PADRÃO SEE-MG, SEM ENCOSTO, POLIDO COM ACABAMENTO EM VERNIZ, ESP. 5CM, COMPRIMENTO 150CM, LARGURA 40CM, ALTURA 45CM, INCLUSIVE CORTE NO PISO PARA FIXAÇÃO COM CONCRETO NÃO ESTRUTURAL, PREPARADO EM OBRA COM BETONEIRA, COM FCK 15 MPA | E98: Unid. | F98: ='MEM. CÁLCULO'!D195 -> 7 | H98: =TRUNC((G98)+(G98*$I$7),2) -> 0 | I98: =TRUNC(F98*H98,2) -> 0
A99: 67 | B99: COMPOSIÇÃO | C99: CPU-03 | D99: BANCO EM ALVENARIA, SEM ENCOSTO, COM DIÂMETRO EXTERNO DE 2,30M, PROFUNDIDADE DE 40CM, ALTURA DE 45CM, INCLUSIVE FIXAÇÃO NO PISO COM CONCRETO NÃO ESTRUTURAL PREPARADO EM OBRA COM BETONEIRA (FCK=15MPA), INCLUSIVE APLICAÇÃO DE CHAPISCO (TRAÇO 1:3, ESP. 5MM), REBOCO (TRAÇO 1:2:8, ESP. 25MM), UMA DEMÃO DE SELADOR ACRÍLICO E DUAS DEMÃOS DE PINTURA ACRÍLICA, INCLUSIVE TAMPO PARA ASSENTO COM CONCRETO DESEMPENADO, ESP. 20MM E REATERRO DO VÃO ENTRE AS ALVENARIAS | E99: Unid. | F99: ='MEM. CÁLCULO'!D196 -> 2 | H99: =TRUNC((G99)+(G99*$I$7),2) -> 0 | I99: =TRUNC(F99*H99,2) -> 0
A100: 68 | B100: SEINFRA | C100: ED-32001 | D100: CORRIMÃO DUPLO EM TUBO GALVANIZADO, COM COSTURA, DIÂMETRO DE 1.1/2", ESP. 3MM, FIXADO EM PISO COM MONTANTE VERTICAL, DIÂMETRO DE 1.1/2", INCLUSIVE SUPORTE PARA CORRIMÃO EM BARRA CHATA (1"X1/2"), EXCLUSIVE PINTURA | E100: m | F100: ='MEM. CÁLCULO'!D197 -> 13.42 | H100: =TRUNC((G100)+(G100*$I$7),2) -> 0 | I100: =TRUNC(F100*H100,2) -> 0
A101: 69 | B101: COMPOSIÇÃO | C101: CPU-04 | D101: INSTALAÇÃO DE EQUIPAMENTOS DE ACADEMIA AO AR LIVRE, FIXADOS COM CONCRETO NÃO ESTRUTURAL, PREPARADO EM OBRA COM BETONEIRA, COM FCK DE 15MPA, INCLUSIVE ESCAVAÇÃO E TRANSPORTE COM RETIRADA DO MATERIAL ESCAVADO (EM CAÇAMBA) | E101: Unid. | F101: ='MEM. CÁLCULO'!D199 -> 7 | H101: =TRUNC((G101)+(G101*$I$7),2) -> 0 | I101: =TRUNC(F101*H101,2) -> 0
A102: ENTREGA DE OBRA | G102: SUBTOTAL: | I102: =SUM(I103:I104) -> 0
A103: 70 | B103: SEINFRA | C103: ED-50634 | D103: PLACA DE ALUMÍNIO FUNDIDO, DIMENSÃO (60X40)CM, PARA INAUGURAÇÃO, INCLUSIVE FIXAÇÃO | E103: Unid. | F103: ='MEM. CÁLCULO'!D201 -> 1 | H103: =TRUNC((G103)+(G103*$I$7),2) -> 0 | I103: =TRUNC(F103*H103,2) -> 0
A104: 71 | B104: SEINFRA | C104: ED-50266 | D104: LIMPEZA FINAL PARA ENTREGA DA OBRA | E104: m² | F104: ='MEM. CÁLCULO'!D202 -> 439.4 | H104: =TRUNC((G104)+(G104*$I$7),2) -> 0 | I104: =TRUNC(F104*H104,2) -> 0
D105: VALOR TOTAL | G105: =SUM(I11+I56) -> 0

Sheet MEM. CÁLCULO
A1: MEMÓRIA DE CÁLCULO
A2: ITEM | B2: DESCRIÇÃO | C2: UND. | D2: QNT. | E2: Nº GERAL | F2: Nº FACES/PEÇAS | G2: PESO NOMINAL (KG/M) | H2: PERÍMETRO | I2: COMP. | J2: LARGURA | K2: ALTURA | L2: DESCONTOS | M2: RAIO | N2: PESO TOTAL (KG) | O2: ÁREA (M²) | P2: ÁREA (M²) POLYLINES | Q2: VOLUME (M³) | R2: LOCAIS E DETALHES
A3: ='PLANILHA ORÇAMENTÁRIA'!A11 -> ITEM A - PRAÇA 21 DE ABRIL
A4: ='PLANILHA ORÇAMENTÁRIA'!A13 -> SERVIÇOS PRELIMINARES
A5: ='PLANILHA ORÇAMENTÁRIA'!A14 -> 1 | B5: ='PLANILHA ORÇAMENTÁRIA'!D14 -> FORNECIMENTO E COLOCAÇÃO DE PLACA DE OBRA EM CHAPA GALVANIZADA #26, ESP. 0,45 MM, PLOTADA COM ADESIVO VINÍLICO, AFIXADA COM REBITES 4,8X40 MM, EM ESTRUTURA METÁLICA DE METALON 20X20 MM, ESP. 1,25 MM, INCLUSIVE SUPORTE EM EUCALIPTO AUTOCLAVADO PINTADO COM TINTA PVA DUAS (2) DEMÃOS | C5: ='PLANILHA ORÇAMENTÁRIA'!E14 -> m² | D5: =O5 -> 2.88 | J5: 2.4 | K5: 1.2 | O5: =ROUND(J5*K5,2) -> 2.88 | R5: PLACA DE 2,40X1,20, PADRÃO DO MUNICÍPIO
A6: ='PLANILHA ORÇAMENTÁRIA'!A15 -> 2 | B6: ='PLANILHA ORÇAMENTÁRIA'!D15 -> LOCAÇÃO DE OBRA COM GABARITO DE TÁBUAS CORRIDAS PONTALETADAS A CADA 2,00M, REAPROVEITAMENTO (2X), INCLUSIVE ACOMPANHAMENTO DE EQUIPE TOPOGRÁFICA PARA MARCAÇÃO DE PONTO TOPOGRÁFICO | C6: ='PLANILHA ORÇAMENTÁRIA'!E15 -> m | D6: =SUM(H6:H9) -> 62.96 | H6: 19.69 | R6: PERÍMETRO DO JARDIM 04, CONFORME PROJETO
H7: 16.15 | R7: PERÍMETRO DO JARDIM 05, CONFORME PROJETO
H8: =1.2+3.04 -> 4.24 | R8: PERÍMETRO DO JARDIM 06, DESCONTANDO O MEIO FIO EXISTENTE E MURO AOS FUNDOS
H9: =3.04+17.07+2.77 -> 22.88 | R9: PERÍMETRO DO JARDIM 07, DESCONTANDO O MEIO FIO EXISTENTE
A10: ='PLANILHA ORÇAMENTÁRIA'!A16 -> DEMOLIÇÃO / REMOÇÃO
A11: ='PLANILHA ORÇAMENTÁRIA'!A17 -> 3 | B11: ='PLANILHA ORÇAMENTÁRIA'!D17 -> DEMOLIÇÃO MANUAL DE PISO CIMENTADO OU CONTRAPISO DE ARGAMASSA, COM ESPESSURA MÁXIMA DE 10CM, INCLUSIVE AFASTAMENTO E EMPILHAMENTO, EXCLUSIVE TRANSPORTE E RETIRADA DO MATERIAL DEMOLIDO | C11: ='PLANILHA ORÇAMENTÁRIA'!E17 -> m² | D11: =SUM(P11:P16) -> 405.59 | P11: 220.19 | R11: PISO EXISTENTE NA PRAÇA
P12: =ROUND(1.95*1.96,2) -> 3.82 | R12: ESCADA EXISTENTE, CANTO SUPERIOR ESQUERDO DO PROJETO
P13: =ROUND(1.97*2.58,2) -> 5.08 | R13: ESCADA EXISTENTE, CANTO INFERIOR ESQUERDO DO PROJETO
P14: =ROUND(1.98*1.97,2) -> 3.9 | R14: ESCADA EXISTENTE, CANTO SUPERIOR DIREITO DO PROJETO
P15: =ROUND(1.91*2.06,2) -> 3.93 | R15: ESCADA EXISTENTE, CANTO INFERIOR DIREITO DO PROJETO
P16: 168.67 | R16: CALÇADA PÚBLICA CONTÍGUA AO TERRENO
A17: ='PLANILHA ORÇAMENTÁRIA'!A18 -> 4 | B17: ='PLANILHA ORÇAMENTÁRIA'!D18 -> DEMOLIÇÃO MANUAL DE ALVENARIA DE TIJOLO CERÂMICO OU BLOCO DE CONCRETO, INCLUSIVE AFASTAMENTO E EMPILHAMENTO, EXCLUSIVE TRANSPORTE E RETIRADA DO MATERIAL DEMOLIDO | C17: ='PLANILHA ORÇAMENTÁRIA'!E18 -> m³ | D17: =SUM(Q17:Q17) -> 1.94 | H17: 15.55 | J17: 0.25 | K17: 0.5 | Q17: =ROUND(H17*J17*K17,2) -> 1.94 | R17: MURETA CONTÍGUA AO JARDIM 05 EXISTENTE
A18: ='PLANILHA ORÇAMENTÁRIA'!A19 -> 5 | B18: ='PLANILHA ORÇAMENTÁRIA'!D19 -> REMOÇÃO MANUAL DE GUIA DE MEIO-FIO PRÉ-MOLDADA EM CONCRETO, COM REAPROVEITAMENTO, INCLUSIVE AFASTAMENTO E EMPILHAMENTO, EXCLUSIVE TRANSPORTE E RETIRADA DO MATERIAL REMOVIDO NÃO REAPROVEITÁVEL | C18: ='PLANILHA ORÇAMENTÁRIA'!E19 -> m | D18: =SUM(I18:I22) -> 98.01 | I18: 18.83 | R18: GUIAS EXISTENTES CONTÍGUAS AO JARDIM 01
I19: 21.28 | R19: GUIAS EXISTENTES CONTÍGUAS AO JARDIM 04
I20: 17.3 | R20: GUIAS EXISTENTES CONTÍGUAS AO JARDIM 06
I21: 15.78 | R21: GUIAS EXISTENTES CONTÍGUAS AO JARDIM 07
I22: 24.82 | R22: GUIAS EXISTENTES CONTÍGUAS AO JARDIM 08
A23: ='PLANILHA ORÇAMENTÁRIA'!A20 -> 6 | B23: ='PLANILHA ORÇAMENTÁRIA'!D20 -> CORTE DE ÁRVORE COM MOTOSSERRA, DIÂMETRO DO TRONCO ACIMA DE TRINTA (30) CENTÍMETROS ATÉ CINQUENTA (50) CENTÍMETROS, EXCLUSIVE DESTOCAMENTO E AFASTAMENTO | C23: ='PLANILHA ORÇAMENTÁRIA'!E20 -> Unid. | D23: =E23 -> 1 | E23: 1 | R23: 01 ÁRVORE A SER SUPRIMIDA, CONFORME PROJETO
A24: ='PLANILHA ORÇAMENTÁRIA'!A21 -> 7 | B24: ='PLANILHA ORÇAMENTÁRIA'!D21 -> DESMATAMENTO, DESTOCAMENTO E LIMPEZA, INCLUSIVE TRANSPORTE ATÉ CINQUENTA (50) METROS | C24: ='PLANILHA ORÇAMENTÁRIA'!E21 -> m² | D24: =SUM(P24:P31) -> 189.07 | P24: 24.51 | R24: JARDIM 01
P25: 7.35 | R25: JARDIM 02
P26: 7.47 | R26: JARDIM 03
P27: 31.18 | R27: JARDIM 04
P28: 17.35 | R28: JARDIM 05
P29: 33.81 | R29: JARDIM 06
P30: 4.51 | R30: JARDIM 07
P31: 62.89 | R31: JARDIM 08
A32: ='PLANILHA ORÇAMENTÁRIA'!A22 -> MOVIMENTAÇÃO DE TERRA
A33: ='PLANILHA ORÇAMENTÁRIA'!A23 -> 8 | B33: ='PLANILHA ORÇAMENTÁRIA'!D23 -> ESCAVAÇÃO MANUAL DE TERRA (DESATERRO MANUAL), INCLUSIVE DESCARGA LATERAL, EXCLUSIVE RETIRADA E TRANSPORTE DO MATERIAL ESCAVADO | C33: ='PLANILHA ORÇAMENTÁRIA'!E23 -> m³ | D33: =Q33 -> 1.81 | Q33: 1.81 | R33: VOLUME DE ESCAVAÇÃO CONFORME TABELA CORTE/ATERRO REVIT
A34: ='PLANILHA ORÇAMENTÁRIA'!A24 -> 9 | B34: ='PLANILHA ORÇAMENTÁRIA'!D24 -> REATERRO MANUAL DE VALA, INCLUSIVE ESPALHAMENTO E COMPACTAÇÃO MECANIZADA COM PLACA VIBRATÓRIA | C34: ='PLANILHA ORÇAMENTÁRIA'!E24 -> m³ | D34: =SUM(Q34:Q34) -> 154.86 | Q34: 154.86 | R34: VOLUME DE ATERRO CONFORME TABELA CORTE/ATERRO REVIT
A35: ='PLANILHA ORÇAMENTÁRIA'!A25 -> MURO DE ARRIMO
A36: ='PLANILHA ORÇAMENTÁRIA'!A26 -> 10 | B36: ='PLANILHA ORÇAMENTÁRIA'!D26 -> ESCAVAÇÃO MANUAL DE VALA COM PROFUNDIDADE MENOR OU IGUAL A 1,5M, INCLUSIVE DESCARGA LATERAL | C36: ='PLANILHA ORÇAMENTÁRIA'!E26 -> m³ | D36: =SUM(Q36:Q39) -> 2.68 | I36: =0.73+3.6+2.6+3.6+2.6+3.6+2.65+3.6+3.97 -> 26.95 | J36: 0.2 | K36: 0.2 | Q36: =ROUND(I36*J36*K36,2) -> 1.08 | R36: TRECHO 01 - ARRIMO / BALDRAME SEÇÃO DE 20x20cm
I37: =1.37+3.16 -> 4.53 | J37: 0.2 | K37: 0.2 | Q37: =ROUND(I37*J37*K37,2) -> 0.18 | R37: TRECHO 02 - ARRIMO / BALDRAME SEÇÃO DE 20x20cm
I38: =3.16+17.46+2.9 -> 23.52 | J38: 0.2 | K38: 0.2 | Q38: =ROUND(I38*J38*K38,2) -> 0.94 | R38: TRECHO 03 - ARRIMO / BALDRAME SEÇÃO DE 20x20cm
I39: =2.85+9.12 -> 11.97 | J39: 0.2 | K39: 0.2 | Q39: =ROUND(I39*J39*K39,2) -> 0.48 | R39: TRECHO 04 - ARRIMO / BALDRAME SEÇÃO DE 20x20cm
A40: ='PLANILHA ORÇAMENTÁRIA'!A27 -> 11 | B40: ='PLANILHA ORÇAMENTÁRIA'!D27 -> APILOAMENTO MANUAL EM FUNDO DE VALA COM SOQUETE, EXCLUSIVE ESCAVAÇÃO | C40: ='PLANILHA ORÇAMENTÁRIA'!E27 -> m² | D40: =SUM(O40:O43) -> 13.39 | I40: =0.73+3.6+2.6+3.6+2.6+3.6+2.65+3.6+3.97 -> 26.95 | J40: 0.2 | O40: =ROUND(I40*J40,2) -> 5.39 | R40: TRECHO 01 - ARRIMO / BALDRAME SEÇÃO DE 20x20cm
I41: =1.37+3.16 -> 4.53 | J41: 0.2 | O41: =ROUND(I41*J41,2) -> 0.91 | R41: TRECHO 02 - ARRIMO / BALDRAME SEÇÃO DE 20x20cm
I42: =3.16+17.46+2.9 -> 23.52 | J42: 0.2 | O42: =ROUND(I42*J42,2) -> 4.7 | R42: TRECHO 03 - ARRIMO / BALDRAME SEÇÃO DE 20x20cm
I43: =2.85+9.12 -> 11.97 | J43: 0.2 | O43: =ROUND(I43*J43,2) -> 2.39 | R43: TRECHO 04 - ARRIMO / BALDRAME SEÇÃO DE 20x20cm
A44: ='PLANILHA ORÇAMENTÁRIA'!A28 -> 12 | B44: ='PLANILHA ORÇAMENTÁRIA'!D28 -> CORTE, DOBRA E MONTAGEM DE AÇO CA-50, DIÂMETRO (6,3MM A 12,5MM), INCLUSIVE ESPAÇADOR | C44: ='PLANILHA ORÇAMENTÁRIA'!E28 -> Kg | D44: =SUM(N44:N55) -> 171.91 | E44: 4 | G44: 0.245 | I44: =0.73+3.6+2.6+3.6+2.6+3.6+2.65+3.6+3.97 -> 26.95 | N44: =ROUND(I44*E44*G44,2) -> 26.41 | R44: ARMAÇÃO CA50 4X DN6.3 - ARRIMO TRECHO 01 - BALDRAME
E45: 4 | G45: 0.245 | I45: =1.37+3.16 -> 4.53 | N45: =ROUND(I45*E45*G45,2) -> 4.44 | R45: ARMAÇÃO CA50 4X DN6.3 - ARRIMO TRECHO 02 - BALDRAME
E46: 4 | G46: 0.245 | I46: =3.16+17.46+2.9 -> 23.52 | N46: =ROUND(I46*E46*G46,2) -> 23.05 | R46: ARMAÇÃO CA50 4X DN6.3 - ARRIMO TRECHO 03 - BALDRAME
E47: 4 | G47: 0.245 | I47: =2.85+9.12 -> 11.97 | N47: =ROUND(I47*E47*G47,2) -> 11.73 | R47: ARMAÇÃO CA50 4X DN6.3 - ARRIMO TRECHO 04 - BALDRAME
E48: =ROUNDUP(I44/0.2,0) -> 135 | G48: 0.245 | K48: =(0.55+1.35)/2+0.2 -> 1.15 | N48: =ROUND(K48*E48*G48,2) -> 38.04 | R48: ARMAÇÃO VERTICAL CA50 DN6.3 - ARRIMO TRECHO 01, ESPAÇAMENTO DE 20CM
E49: =ROUNDUP(I45/0.2,0) -> 23 | G49: 0.245 | K49: =0.45+0.2 -> 0.65 | N49: =ROUND(K49*E49*G49,2) -> 3.66 | R49: ARMAÇÃO VERTICAL CA50 DN6.3 - ARRIMO TRECHO 02, ESPAÇAMENTO DE 20CM
E50: =ROUNDUP(I46/0.2,0) -> 118 | G50: 0.245 | K50: =(0.12+0.4)/2+0.2 -> 0.46 | N50: =ROUND(K50*E50*G50,2) -> 13.3 | R50: ARMAÇÃO VERTICAL CA50 DN6.3 - ARRIMO TRECHO 03, ESPAÇAMENTO DE 20CM
E51: =ROUNDUP(2.85/0.2,0) -> 15 | G51: 0.245 | K51: =0.35+0.2 -> 0.55 | N51: =ROUND(K51*E51*G51,2) -> 2.02 | R51: ARMAÇÃO VERTICAL CA50 DN6.3 - ARRIMO TRECHO 03, ESPAÇAMENTO DE 20CM - SOMENTE TRECHO NA LATERAL DA ESCADA
E52: =ROUNDUP((0.55+1.35)/2/0.2,0) -> 5 | G52: 0.245 | I52: =I44 -> 26.95 | N52: =ROUND(I52*E52*G52,2) -> 33.01 | R52: ARMAÇÃO HORIZONTAL CA50 DN6.3 - ARRIMO TRECHO 01 - CONSIDERANDO ALTURA MÉDIA E ESPAÇAMENTO DE 20CM
E53: =ROUNDUP(0.45/0.2,0) -> 3 | G53: 0.245 | I53: =I45 -> 4.53 | N53: =ROUND(I53*E53*G53,2) -> 3.33 | R53: ARMAÇÃO HORIZONTAL CA50 DN6.3 - ARRIMO TRECHO 02 - CONSIDERANDO ALTURA MÉDIA E ESPAÇAMENTO DE 20CM
E54: =ROUNDUP((0.12+0.4)/2/0.2,0) -> 2 | G54: 0.245 | I54: =I46 -> 23.52 | N54: =ROUND(I54*E54*G54,2) -> 11.52 | R54: ARMAÇÃO HORIZONTAL CA50 DN6.3 - ARRIMO TRECHO 03 - CONSIDERANDO ALTURA MÉDIA E ESPAÇAMENTO DE 20CM
E55: =ROUNDUP(0.35/0.2,0) -> 2 | G55: 0.245 | I55: 2.85 | N55: =ROUND(I55*E55*G55,2) -> 1.4 | R55: ARMAÇÃO HORIZONTAL CA50 DN6.3 - ARRIMO TRECHO 03 - CONSIDERANDO ALTURA MÉDIA E ESPAÇAMENTO DE 20CM - SOMENTE ESCADA
A56: ='PLANILHA ORÇAMENTÁRIA'!A29 -> 13 | B56: ='PLANILHA ORÇAMENTÁRIA'!D29 -> CORTE, DOBRA E MONTAGEM DE AÇO CA-60, DIÂMETRO (4,2MM A 5,0MM), INCLUSIVE ESPAÇADOR | C56: ='PLANILHA ORÇAMENTÁRIA'!E29 -> Kg | D56: =SUM(N56:N59) -> 29.57 | E56: =ROUNDUP(I52/0.2,0) -> 135 | G56: 0.154 | I56: =0.14+0.14+0.14+0.14+0.1 -> 0.66 | N56: =ROUND(I56*E56*G56,2) -> 13.72 | R56: ESTRIBO VIGA BALDRAME - TRECHO 01 EM AÇO CA60 DN5.0, 0,66M POR ESTRIBO E ESPAÇAMENTO DE 20CM
E57: =ROUNDUP(I53/0.2,0) -> 23 | G57: 0.154 | I57: =0.14+0.14+0.14+0.14+0.1 -> 0.66 | N57: =ROUND(I57*E57*G57,2) -> 2.34 | R57: ESTRIBO VIGA BALDRAME - TRECHO 02 EM AÇO CA60 DN5.0, 0,66M POR ESTRIBO E ESPAÇAMENTO DE 20CM
E58: =ROUNDUP(I54/0.2,0) -> 118 | G58: 0.154 | I58: =0.14+0.14+0.14+0.14+0.1 -> 0.66 | N58: =ROUND(I58*E58*G58,2) -> 11.99 | R58: ESTRIBO VIGA BALDRAME - TRECHO 03 EM AÇO CA60 DN5.0, 0,66M POR ESTRIBO E ESPAÇAMENTO DE 20CM
E59: =ROUNDUP(I55/0.2,0) -> 15 | G59: 0.154 | I59: =0.14+0.14+0.14+0.14+0.1 -> 0.66 | N59: =ROUND(I59*E59*G59,2) -> 1.52 | R59: ESTRIBO VIGA BALDRAME - TRECHO 04 EM AÇO CA60 DN5.0, 0,66M POR ESTRIBO E ESPAÇAMENTO DE 20CM
A60: ='PLANILHA ORÇAMENTÁRIA'!A30 -> 14 | B60: ='PLANILHA ORÇAMENTÁRIA'!D30 -> FORNECIMENTO DE CONCRETO ESTRUTURAL, PREPARADO EM OBRA COM BETONEIRA, COM FCK 20MPA, INCLUSIVE LANÇAMENTO, ADENSAMENTO E ACABAMENTO (FUNDAÇÃO) | C60: ='PLANILHA ORÇAMENTÁRIA'!E30 -> m³ | D60: =SUM(Q60:Q63) -> 2.68 | I60: =0.73+3.6+2.6+3.6+2.6+3.6+2.65+3.6+3.97 -> 26.95 | J60: 0.2 | K60: 0.2 | Q60: =ROUND(I60*J60*K60,2) -> 1.08 | R60: MESMO QUE O VOLUME DE ESCAVAÇÃO - TRECHO 01
I61: =1.37+3.16 -> 4.53 | J61: 0.2 | K61: 0.2 | Q61: =ROUND(I61*J61*K61,2) -> 0.18 | R61: MESMO QUE O VOLUME DE ESCAVAÇÃO - TRECHO 02
I62: =3.16+17.46+2.9 -> 23.52 | J62: 0.2 | K62: 0.2 | Q62: =ROUND(I62*J62*K62,2) -> 0.94 | R62: MESMO QUE O VOLUME DE ESCAVAÇÃO - TRECHO 03
I63: =2.85+9.12 -> 11.97 | J63: 0.2 | K63: 0.2 | Q63: =ROUND(I63*J63*K63,2) -> 0.48 | R63: MESMO QUE O VOLUME DE ESCAVAÇÃO - TRECHO 04
A64: ='PLANILHA ORÇAMENTÁRIA'!A31 -> 15 | B64: ='PLANILHA ORÇAMENTÁRIA'!D31 -> ALVENARIA DE BLOCO DE CONCRETO CHEIO SEM ARMAÇÃO, EM CONCRETO COM FCK DE 20MPA , ESP. 19CM, PARA REVESTIMENTO, INCLUSIVE ARGAMASSA PARA ASSENTAMENTO (DETALHE D - CADERNO SEDS) | C64: ='PLANILHA ORÇAMENTÁRIA'!E31 -> m² | D64: =SUM(O64:O67) -> 34.76 | I64: =0.73+3.6+2.6+3.6+2.6+3.6+2.65+3.6+3.97 -> 26.95 | K64: =(0.55+1.35)/2 -> 0.95 | O64: =ROUND(I64*K64,2) -> 25.6 | R64: MURO DE ARRIMO - TRECHO 01 - ALTURA MÉDIA
I65: =1.37+3.16 -> 4.53 | K65: 0.45 | O65: =ROUND(I65*K65,2) -> 2.04 | R65: MURO DE ARRIMO - TRECHO 02 - ALTURA MÉDIA
I66: =3.16+17.46+2.9 -> 23.52 | K66: =(0.12+0.4)/2 -> 0.26 | O66: =ROUND(I66*K66,2) -> 6.12 | R66: MURO DE ARRIMO - TRECHO 03 - ALTURA MÉDIA
I67: 2.85 | K67: 0.35 | O67: =ROUND(I67*K67,2) -> 1 | R67: MURO DE ARRIMO - TRECHO 04 - ALTURA MÉDIA
A68: ='PLANILHA ORÇAMENTÁRIA'!A32 -> PISOS
A69: ='PLANILHA ORÇAMENTÁRIA'!A33 -> 16 | B69: ='PLANILHA ORÇAMENTÁRIA'!D33 -> ASSENTAMENTO DE GUIA (MEIO-FIO) EM TRECHO RETO, CONFECCIONADA EM CONCRETO PRÉ-FABRICADO, DIMENSÕES 100X15X13X30 CM (COMPRIMENTO X BASE INFERIOR X BASE SUPERIOR X ALTURA). AF_01/2024 | C69: ='PLANILHA ORÇAMENTÁRIA'!E33 -> m | D69: =SUM(H69:H73) -> 73.08 | H69: 4.23 | R69: GUIAS CONTÍGUAS AO JARDIM 01
H70: 22.56 | R70: GUIAS CONTÍGUAS AO JARDIM 02
H71: 9.68 | R71: GUIAS CONTÍGUAS AO JARDIM 03
H72: 20.08 | R72: GUIAS CONTÍGUAS AO JARDIM 04
H73: 16.53 | R73: GUIAS CONTÍGUAS AO JARDIM 05
A74: ='PLANILHA ORÇAMENTÁRIA'!A34 -> 17 | B74: ='PLANILHA ORÇAMENTÁRIA'!D34 -> EXECUÇÃO DE PAVIMENTO COM PISO INTERTRAVADO, TIPO RETANGULAR, ESP. 6CM, COM FCK DE 35MPA, INCLUSIVE COLCHÃO DE AREIA, ESP. 6CM, PARA ASSENTAMENTO, COMPACTAÇÃO MECANIZADA, CARGA E DESCARGA MECÂNICA EM CAMINHÃO, EXCLUSIVE TRANSPORTE DE PISO INTERTRAVADO | C74: ='PLANILHA ORÇAMENTÁRIA'!E34 -> m² | D74: =SUM(P74:P77) -> 360.04 | P74: 183.77 | R74: ÁREA DA PRAÇA
P75: 3.82 | R75: ACESSO SUPERIOR ESQUERDO
P76: 3.78 | R76: ACESSO INFERIOR ESQUERDO
P77: 168.67 | R77: CALÇADA PÚBLICA CONTÍGUA AO TERRENO
A78: ='PLANILHA ORÇAMENTÁRIA'!A35 -> 18 | B78: ='PLANILHA ORÇAMENTÁRIA'!D35 -> ESCADA DE CONCRETO 20 MPa, APARENTE, ESPELHO = 15 A 18 CM, ARMAÇÃO, FÔRMA PLASTIFICADA, ESCORAMENTO E DESFORMA | C78: ='PLANILHA ORÇAMENTÁRIA'!E35 -> m³ | D78: =SUM(Q78:Q79) -> 2.6 | J78: 2 | P78: 0.76 | Q78: =ROUND(J78*P78,2) -> 1.52 | R78: ESCADA SITUADA NO CANTO SUPERIOR DIREITO, ÁREA CONFORME SEÇÃO TRANSVERSAL REVIT
J79: 2 | P79: 0.54 | Q79: =ROUND(J79*P79,2) -> 1.08 | R79: ESCADA SITUADA NO CANTO INFERIOR DIREITO, ÁREA CONFORME SEÇÃO TRANSVERSAL REVIT
A80: ='PLANILHA ORÇAMENTÁRIA'!A36 -> 19 | B80: ='PLANILHA ORÇAMENTÁRIA'!D36 -> REVESTIMENTO DE PISO COM PEDRA MIRACEMA NA COR CINZA, PEÇAS COM 11,5X23CM, ESP. 1CM, ACABAMENTO NATURAL, INCLUSIVE FORNECIMENTO DO MATERIAL DE REVESTIMENTO, ASSENTAMENTO COM ARGAMASSA INDUSTRIALIZADA E REJUNTAMENTO | C80: ='PLANILHA ORÇAMENTÁRIA'!E36 -> m² | D80: =SUM(O80:O84) -> 21 | E80: 13 | I80: 0.28 | J80: 2 | O80: =ROUND(I80*J80*E80,2) -> 7.28 | R80: ESCADA SUPERIOR DIREITA, PISOS COM 28CM * 2,00M DE LARGURA * 13 DEGRAUS
E81: 13 | J81: 2 | K81: 0.18 | O81: =ROUND(K81*J81*E81,2) -> 4.68 | R81: ESCADA SUPERIOR DIREITA, ESPELHOS COM 18CM * 2,00M DE LARGURA * 13 DEGRAUS
E82: 7 | I82: 0.28 | J82: 2 | O82: =ROUND(I82*J82*E82,2) -> 3.92 | R82: ESCADA INFERIOR DIREITA, PISOS COM 28CM * 2,00M DE LARGURA * 7 DEGRAUS
E83: 7 | J83: 2 | K83: 0.18 | O83: =ROUND(K83*J83*E83,2) -> 2.52 | R83: ESCADA INFERIOR DIREITA, ESPELHOS COM 18CM * 2,00M DE LARGURA * 7 DEGRAUS
O84: =ROUND((0.4*2)+(0.9*2),2) -> 2.6 | R84: ESCADA INFERIOR ESQUERDA, PATAMARES
A85: ='PLANILHA ORÇAMENTÁRIA'!A37 -> REVESTIMENTOS E PINTURA
A86: ='PLANILHA ORÇAMENTÁRIA'!A38 -> 20 | B86: ='PLANILHA ORÇAMENTÁRIA'!D38 -> CHAPISCO COM ARGAMASSA, TRAÇO 1:3 (CIMENTO E AREIA), ESP. 5MM, APLICADO EM ALVENARIA/ESTRUTURA DE CONCRETO COM COLHER, INCLUSIVE ARGAMASSA COM PREPARO MECANIZADO | C86: ='PLANILHA ORÇAMENTÁRIA'!E38 -> m² | D86: =SUM(O86:O91) -> 25.86 | I86: =(3.6*4)+1.5 -> 15.9 | K86: =(0.55+1.35)/2 -> 0.95 | O86: =ROUND(I86*K86,2) -> 15.11 | R86: TRECHO 01 - ARRIMO / FACES EXTERNAS DOS CÍRCULOS CONTÍGUOS ÀS ÁRVORES E TRECHO NO JARDIM 06
I87: =1.37+3.16 -> 4.53 | K87: 0.45 | O87: =ROUND(I87*K87,2) -> 2.04 | R87: MURO DE ARRIMO - TRECHO 02 - ALTURA MÉDIA
I88: =3.36*2 -> 6.72 | K88: 0.12 | O88: =ROUND(I88*K88,2) -> 0.81 | R88: MURO DE ARRIMO - TRECHO 02 - FACES VOLTADAS P/ ESCADA
I89: =3.16+17.46+2.9 -> 23.52 | K89: =(0.12+0.4)/2 -> 0.26 | O89: =ROUND(I89*K89,2) -> 6.12 | R89: MURO DE ARRIMO - TRECHO 03 - ALTURA MÉDIA
I90: =3.27*2 -> 6.54 | K90: 0.12 | O90: =ROUND(I90*K90,2) -> 0.78 | R90: MURO DE ARRIMO - TRECHO 03 - FACES VOLTADAS P/ ESCADA
I91: 2.85 | K91: 0.35 | O91: =ROUND(I91*K91,2) -> 1 | R91: MURO DE ARRIMO - TRECHO 04 - ALTURA MÉDIA
A92: ='PLANILHA ORÇAMENTÁRIA'!A39 -> 21 | B92: ='PLANILHA ORÇAMENTÁRIA'!D39 -> REBOCO COM ARGAMASSA, TRAÇO 1:2:8 (CIMENTO, CAL E AREIA), ESP. 25MM, APLICAÇÃO MANUAL, INCLUSIVE ARGAMASSA COM PREPARO MECANIZADO | C92: ='PLANILHA ORÇAMENTÁRIA'!E39 -> m² | D92: =O92 -> 25.86 | O92: =D86 -> 25.86 | R92: MESMO QUE A ÁREA DE CHAPISCO
A93: ='PLANILHA ORÇAMENTÁRIA'!A40 -> 22 | B93: ='PLANILHA ORÇAMENTÁRIA'!D40 -> PREPARAÇÃO PARA EMASSAMENTO OU PINTURA (LÁTEX/ACRÍLICA) EM PAREDE, INCLUSIVE UMA (1) DEMÃO DE SELADOR ACRÍLICO | C93: ='PLANILHA ORÇAMENTÁRIA'!E40 -> m² | D93: =O93 -> 25.86 | O93: =D92 -> 25.86 | R93: MESMO QUE A ÁREA DE REBOCO
A94: ='PLANILHA ORÇAMENTÁRIA'!A41 -> 23 | B94: ='PLANILHA ORÇAMENTÁRIA'!D41 -> PINTURA ACRÍLICA EM PAREDE, DUAS (2) DEMÃOS, COM APLICAÇÃO MANUAL, EXCLUSIVE SELADOR ACRÍLICO E MASSA ACRÍLICA/CORRIDA (PVA) | C94: ='PLANILHA ORÇAMENTÁRIA'!E41 -> m² | D94: =O94 -> 25.86 | O94: =D93 -> 25.86 | R94: MESMO QUE A ÁREA DE SELADOR ACRÍLICO
A95: ='PLANILHA ORÇAMENTÁRIA'!A42 -> 24 | B95: ='PLANILHA ORÇAMENTÁRIA'!D42 -> CAIAÇÃO MANUAL, TRÊS DEMÃOS (EXECUÇÃO, INCLUI FORNECIMENTO E APLICAÇÃO DA CAL HIDRATADA PARA CAIAÇÃO) | C95: ='PLANILHA ORÇAMENTÁRIA'!E42 -> m² | D95: =SUM(O95:O96) -> 54.13 | I95: =D69 -> 73.08 | J95: =0.13+0.1+0.1 -> 0.33 | O95: =ROUND(I95*J95,2) -> 24.12 | R95: GUIAS DE MEIO-FIO A SEREM ACRESCIDAS, CONSIDERANDO MEDIDA DO TOPO (13CM) + 2X ALTURA (2X 10CM)
I96: =53.86+52.32+1 -> 107.18 | J96: =0.13+0.15 -> 0.28 | O96: =ROUND(I96*J96,2) -> 30.01 | R96: GUIA DE MEIO-FIO EXISTENTE, CONSIDERANDO MEDIDA DO TOPO (13CM) +1X ALTURA (15CM)
A97: ='PLANILHA ORÇAMENTÁRIA'!A43 -> PAISAGISMO
A98: ='PLANILHA ORÇAMENTÁRIA'!A44 -> 25 | B98: ='PLANILHA ORÇAMENTÁRIA'!D44 -> PLANTIO E PREPARO DE COVAS PARA ÁRVORES COM ALTURA MÉDIA DE 2,00M, DIMENSÕES (60X60X60)CM, EXCLUSIVE FORNECIMENTO DAS MUDAS | C98: ='PLANILHA ORÇAMENTÁRIA'!E44 -> Unid. | D98: =E98 -> 1 | E98: 1 | R98: UMA ÁRVORE, CONFORME PROJETO
A99: ='PLANILHA ORÇAMENTÁRIA'!A45 -> 26 | B99: ='PLANILHA ORÇAMENTÁRIA'!D45 -> FORNECIMENTO DE PALMEIRA JERIVÁ COM ALTURA MÉDIA DE 2,00M, EXCLUSIVE PLANTIO | C99: ='PLANILHA ORÇAMENTÁRIA'!E45 -> Unid. | D99: =E99 -> 1 | E99: 1 | R99: UMA ÁRVORE, CONFORME PROJETO
A100: ='PLANILHA ORÇAMENTÁRIA'!A46 -> 27 | B100: ='PLANILHA ORÇAMENTÁRIA'!D46 -> PLANTIO DE GRAMA ESMERALDA EM PLACAS, INCLUSIVE TERRA VEGETAL E CONSERVAÇÃO POR TRINTA (30) DIAS | C100: ='PLANILHA ORÇAMENTÁRIA'!E46 -> m² | D100: =SUM(P100:P106) -> 207.86 | P100: 4.7 | R100: ÁREA DE PLANTIO DO JARDIM 01
...

Sheet CRONOGRAMA FF
A1: MUNICÍPIO DE MARAVILHAS
A2: CRONOGRAMA FÍSICO-FINANCEIRO
A3: ='PLANILHA ORÇAMENTÁRIA'!A3:E3 -> PREFEITURA MUNICIPAL DE MARAVILHAS | C3: VALOR DA OBRA: | D3: =D12 -> 0 | E3: DATA: 30/09/2026 | G3: FOLHA Nº: 01/01
A4: ='PLANILHA ORÇAMENTÁRIA'!A4:E4 -> OBRA: Reforma da Praça 21 de Abril e Praça 13 de Maio
A5: ='PLANILHA ORÇAMENTÁRIA'!A5:E5 -> LOCAL: Praça 21 de Abril e Praça 13 de Maio, bairro Centro, Município de Maravilhas-MG. | E5: PREVISÃO DE EXECUÇÃO DAS OBRAS: 03 MESES
A6: ETAPAS/DESCRIÇÃO | C6: FÍSICO/ FINANCEIRO | D6: TOTAL ETAPAS | E6: MÊS 1 | F6: MÊS 2 | G6: MÊS 3 | H6: MÊS 4
A7: ='PLANILHA ORÇAMENTÁRIA'!A11 -> ITEM A - PRAÇA 21 DE ABRIL | C7: Físico % | D7: =D8/$D$12 -> #DIV/0! | E7: 0.6667 | F7: 0.3333
C8: Financeiro | D8: ='PLANILHA ORÇAMENTÁRIA'!I11 -> 0 | E8: =E7*$D$8 -> 0 | F8: =F7*$D$8 -> 0
A9: ='PLANILHA ORÇAMENTÁRIA'!A56 -> ITEM B - PRAÇA 13 DE MAIO | C9: Físico % | D9: =D10/$D$12 -> #DIV/0! | F9: 0.3333 | G9: 0.6667
C10: Financeiro | D10: ='PLANILHA ORÇAMENTÁRIA'!I56 -> 0 | F10: =F9*$D$10 -> 0 | G10: =G9*$D$10 -> 0
A11: TOTAL | C11: Físico % | D11: =SUM(D7+D9) -> #DIV/0! | E11: =E12/$D$12 -> #DIV/0! | F11: =F12/$D$12 -> #DIV/0! | G11: =G12/$D$12 -> #DIV/0!
C12: Financeiro | D12: =SUM(D8+D10) -> 0 | E12: =SUM(E8+E10) -> 0 | F12: =SUM(F8+F10) -> 0 | G12: =SUM(G8+G10) -> 0
G13: Observações:

Sheet COMPOSIÇÃO BDI
A1: MUNICÍPIO DE MARAVILHAS
A2: COMPOSIÇÃO DO BDI
A4: REFORMA DA PRAÇA 21 DE ABRIL E DA PRAÇA 13, NO BAIRRO CENTRO, MUNICÍPIO DE MARAVILHAS-MG
A7: Conforme legislação tributária municipal, definir estimativa de percentual da base de cálculo para o ISS: | I7: 1
A8: Sobre a base de cálculo, definir a respectiva alíquota do ISS (entre 2% e 5%): | I8: 0.03
A10: TIPO DE OBRA
A11: Obra de paisagismo
A12: Itens | I12: Siglas | J12: % Adotado | L12: Situação | O12: 1º Quartil | P12: Médio | Q12: 3º Quartil
A14: Administração Central | I14: AC | J14: 0.045 | L14: - | O14: =VLOOKUP(CONCATENATE(A11,"-",I14),#REF!,3,FALSE) -> #REF! | P14: =VLOOKUP(CONCATENATE(A11,"-",I14),#REF!,4,FALSE) -> #REF! | Q14: =VLOOKUP(CONCATENATE(A11,"-",I14),#REF!,5,FALSE) -> #REF!
A15: Lucro | I15: L | J15: 0.07 | L15: - | O15: =VLOOKUP(CONCATENATE(A11,"-",I15),#REF!,3,FALSE) -> #REF! | P15: =VLOOKUP(CONCATENATE(A11,"-",I15),#REF!,4,FALSE) -> #REF! | Q15: =VLOOKUP(CONCATENATE(A11,"-",I15),#REF!,5,FALSE) -> #REF!
A16: Despesas Financeiras | I16: DF | J16: 0.0133 | L16: - | O16: =VLOOKUP(CONCATENATE(A11,"-",I16),#REF!,3,FALSE) -> #REF! | P16: =VLOOKUP(CONCATENATE(A11,"-",I16),#REF!,4,FALSE) -> #REF! | Q16: =VLOOKUP(CONCATENATE(A11,"-",I16),#REF!,5,FALSE) -> #REF!
A17: Seguros, Garantia e Risco | I17: S+R+G | J17: =SUM(J18+J19) -> 0.0205 | L17: - | O17: =VLOOKUP(CONCATENATE(A11,"-",I17),#REF!,3,FALSE) -> #REF! | P17: =VLOOKUP(CONCATENATE(A11,"-",I17),#REF!,4,FALSE) -> #REF! | Q17: =VLOOKUP(CONCATENATE(A11,"-",I17),#REF!,5,FALSE) -> #REF!
A18: Seguros e Garantia | I18: SG | J18: 0.008 | L18: - | O18: =VLOOKUP(CONCATENATE(A11,"-",I18),#REF!,3,FALSE) -> #REF! | P18: =VLOOKUP(CONCATENATE(A11,"-",I18),#REF!,4,FALSE) -> #REF! | Q18: =VLOOKUP(CONCATENATE(A11,"-",I18),#REF!,5,FALSE) -> #REF!
A19: Riscos | I19: R | J19: 0.0125 | L19: - | O19: 0.0365 | P19: 0.0365 | Q19: 0.0365
A20: Tributos | I20: I | J20: =SUM(J21+J22+J23) -> 0.0665 | L20: - | O20: 0 | P20: 0.025 | Q20: 0.05
A21: ISS | I21: ISS | J21: 0.03 | L21: - | O21: 0 | P21: 0.045 | Q21: 0.045
A22: PIS | I22: PIS | J22: 0.0065 | L22: - | O22: 0 | P22: 0.025 | Q22: 0.05
A23: COFINS | I23: COF. | J23: 0.03 | L23: - | O23: 0 | P23: 0.025 | Q23: 0.05
A24: CPRB (0 OU 4,5% - DESONERAÇÃO) | I24: CRPB | J24: 0 | L24: - | O24: 0 | P24: 0.025 | Q24: 0.05
A25: BDI sem desoneração | I25: BDI | J25: =(1+(J14+J17))*(1+J16)*(1+J15)/(1-(J20+J24))-1 -> 0.23754486
A27: Os valores de BDI foram calculados com o emprego da fórmula:
A28: BDI = | C28: (1 + AC + S+ R + G)*(1 + DF)*(1 + L) | H28: - 1
C29: (1-CP-ISS-CRPB)
A31: =CONCATENATE("Declaro para os devidos fins que, conforme legislação tributária municipal, a base de cálculo deste tipo de obra corresponde à ",$I$7*100,"%, com a respectiva alíquota de ",$I$8*100,"%.") -> Declaro para os devidos fins que, conforme legislação tributária municipal, a base de cálculo deste tipo de obra corresponde à 100%, com a respectiva alíquota de 3%.
A33: MARAVILHAS-MG
A34: Local | G34: Data
A37: Responsável Técnico
A38: Nome:
A39: CREA-MG:

Sheet CPU-01
B1: Município de Maravilhas
B2: Estado de Minas Gerais
B3: CNPJ: 18.313.841/0001-14
A6: COMPOSIÇÃO Nº. 01
A7: REFORMA DA PRAÇA 21 DE ABRIL E DA PRAÇA 13 DE MAIO
A9: REVESTIMENTO DE PISO COM PEDRA MIRACEMA NA COR CINZA, PEÇAS COM 11,5X23CM, ESP. 1CM, ACABAMENTO NATURAL, INCLUSIVE FORNECIMENTO DO MATERIAL DE REVESTIMENTO, ASSENTAMENTO COM ARGAMASSA INDUSTRIALIZADA E REJUNTAMENTO
A11: UNIDADE: m² (Metro quadrado) | E11: DATA: 30/09/2026
A13: (A) Equipamento | B13: Código | C13: Ut. Pr. | D13: Ut. Impr | E13: Vl. Hr. Prod | F13: Vl. Hr Imp. | G13: Consumo | H13: Custo Horário
F14: (A) Total: | G14: 0
A16: (B) Mão-de-obra | C16: Código | D16: Eq. Salarial | E16: Sal/Hora | F16: Encargos (%) | G16: Consumo | H16: Custo Horário
F17: (B) Total: | G17: 0
A19: (C) Itens de Incidência | C19: Código | D19: % | E19: M.O. | F19: Equip. | G19: Mat. | H19: Custo
F20: (C) Total: | G20: 0
A22: Custo Horário da Execução (A) + (B) + (C) | G22: =G14+G17+G20 -> 0
A23: (D) Produção da Equipe | G23: 1
A24: (E) Custo Unitário da Execução [(A) + (B) + (C)] / (D) | G24: =ROUND(G22/G23,2) -> 0
A26: (F) Materiais | C26: Código | D26: Unid. | E26: Consumo | F26: Custo Unitário | H26: Custo Geral
A27: ARGAMASSA COLANTE (TIPO: AC-III|UTILIZAÇÃO: AMBIENTES INTERNOS E EXTERNOS) | C27: MATED-12352 SEINFRA | D27: Kg | E27: 4.725 | F27: 1.7 | H27: =ROUND((E27*F27),2) -> 8.03
A28: PEDRA MIRACEMA PARA REVESTIMENTO EM PISO, COR: CINZA | COMPRIMENTO: 23CM | LARGURA 11,5CM | ESPESSURA: 1CM | C28: COTAÇÃO | D28: m² | E28: 1.05 | F28: 59.31 | H28: =ROUND((E28*F28),2) -> 62.28
F29: (F) Total: | G29: =SUM(H27:H28) -> 70.31
A31: (G) Serviços | C31: Código | D31: Unid. | E31: Consumo | F31: Custo Unitário | H31: Custo Geral
A32: SERVENTE COM ENCARGOS COMPLEMENTARES | C32: ED-50367 SEINFRA | D32: H | E32: 0.244 | F32: 24.89 | H32: =ROUND((E32*F32),2) -> 6.07
A33: PEDREIRO COM ENCARGOS COMPLEMENTARES | C33: ED-50381 SEINFRA | D33: H | E33: 0.489 | F33: 33.63 | H33: =ROUND((E33*F33),2) -> 16.45
A34: APLICAÇÃO DE REJUNTE CIMENTÍCIO COLORIDO INDUSTRIALIZADO PARA REVESTIMENTOS DE PAREDE/PISO COM JUNTAS DE ATÉ 3MM DE ESPESSURA | C34: ED-50718 SEINFRA | D34: m² | E34: 1 | F34: 8.07 | H34: =ROUND((E34*F34),2) -> 8.07
F35: (G) Total: | G35: =SUM(H32:H34) -> 30.59
A37: (H) Itens de Transporte | B37: Código | C37: Unid. | D37: Fórmula | E37: X1 X2 X3 | F37: Consumo | G37: Custo | H37: Custo Geral
F38: (H) Total: | G38: =SUM(H36:H37) -> 0
A40: Custo Direto Total (E) + (F) + (G) + (H): | G40: =G24+G29+G35+G38 -> 100.9
A42: Flávio L. Greco S.
A43: Eng.º Civil - CREA-MG 64.880/D

Sheet CPU-02
B1: Município de Maravilhas
B2: Estado de Minas Gerais
B3: CNPJ: 18.313.841/0001-14
A6: COMPOSIÇÃO Nº. 02
A7: REFORMA DA PRAÇA 21 DE ABRIL E DA PRAÇA 13 DE MAIO
A9: REMOÇÃO MANUAL DE EQUIPAMENTOS DE ACADEMIA AO AR LIVRE COM REAPROVEITAMENTO, INCLUSIVE AFASTAMENTO ATÉ 50M E EMPILHAMENTO DO MATERIAL DEMOLIDO
A11: UNIDADE: Unid. | E11: DATA: 30/09/2026
A13: (A) Equipamento | B13: Código | C13: Ut. Pr. | D13: Ut. Impr | E13: Vl. Hr. Prod | F13: Vl. Hr Imp. | G13: Consumo | H13: Custo Horário
F14: (A) Total: | G14: 0
A16: (B) Mão-de-obra | C16: Código | D16: Eq. Salarial | E16: Sal/Hora | F16: Encargos (%) | G16: Consumo | H16: Custo Horário
F17: (B) Total: | G17: 0
A19: (C) Itens de Incidência | C19: Código | D19: % | E19: M.O. | F19: Equip. | G19: Mat. | H19: Custo
F20: (C) Total: | G20: 0
A22: Custo Horário da Execução (A) + (B) + (C) | G22: =G14+G17+G20 -> 0
A23: (D) Produção da Equipe | G23: 1
A24: (E) Custo Unitário da Execução [(A) + (B) + (C)] / (D) | G24: =ROUND(G22/G23,2) -> 0
A26: (F) Materiais | C26: Código | D26: Unid. | E26: Consumo | F26: Custo Unitário | H26: Custo Geral
F27: (F) Total: | G27: 0
A29: (G) Serviços | C29: Código | D29: Unid. | E29: Consumo | F29: Custo Unitário | H29: Custo Geral
A30: SERVENTE COM ENCARGOS COMPLEMENTARES | C30: ED-50367 SEINFRA | D30: H | E30: 0.25 | F30: 24.89 | H30: =ROUND((E30*F30),2) -> 6.22
A31: PEDREIRO COM ENCARGOS COMPLEMENTARES | C31: ED-50381 SEINFRA | D31: H | E31: 0.5 | F31: 33.63 | H31: =ROUND((E31*F31),2) -> 16.82
A32: DEMOLIÇÃO MANUAL DE CONCRETO, SEM ARMAÇÃO, INCLUSIVE AFASTAMENTO E EMPILHAMENTO, EXCLUSIVE TRANSPORTE E RETIRADA DO MATERIAL DEMOLIDO | C32: ED-48440 SEINFRA | D32: m³ | E32: 0.08 | F32: 358.77 | H32: =ROUND((E32*F32),2) -> 28.7
F33: (G) Total: | G33: =SUM(H30:H32) -> 51.74
A35: (H) Itens de Transporte | B35: Código | C35: Unid. | D35: Fórmula | E35: X1 X2 X3 | F35: Consumo | G35: Custo | H35: Custo Geral
F36: (H) Total: | G36: =SUM(H34:H35) -> 0
A38: Custo Direto Total (E) + (F) + (G) + (H): | G38: =G24+G27+G33+G36 -> 51.74
A40: Flávio L. Greco S.
A41: Eng.º Civil - CREA-MG 64.880/D

Sheet CPU-03
B1: Município de Maravilhas
B2: Estado de Minas Gerais
B3: CNPJ: 18.313.841/0001-14
A6: COMPOSIÇÃO Nº. 03
A7: REFORMA DA PRAÇA 21 DE ABRIL E DA PRAÇA 13 DE MAIO
A9: BANCO EM ALVENARIA, SEM ENCOSTO, COM DIÂMETRO EXTERNO DE 2,30M, PROFUNDIDADE DE 40CM, ALTURA DE 45CM, INCLUSIVE FIXAÇÃO NO PISO COM CONCRETO NÃO ESTRUTURAL PREPARADO EM OBRA COM BETONEIRA (FCK=15MPA), INCLUSIVE APLICAÇÃO DE CHAPISCO (TRAÇO 1:3, ESP. 5MM), REBOCO (TRAÇO 1:2:8, ESP. 25MM), UMA DEMÃO DE SELADOR ACRÍLICO E DUAS DEMÃOS DE PINTURA ACRÍLICA, INCLUSIVE TAMPO PARA ASSENTO COM CONCRETO DESEMPENADO, ESP. 20MM E REATERRO DO VÃO ENTRE AS ALVENARIAS
A11: UNIDADE: Unid. | E11: DATA: 30/09/2026
A13: (A) Equipamento | B13: Código | C13: Ut. Pr. | D13: Ut. Impr | E13: Vl. Hr. Prod | F13: Vl. Hr Imp. | G13: Consumo | H13: Custo Horário
F14: (A) Total: | G14: 0
A16: (B) Mão-de-obra | C16: Código | D16: Eq. Salarial | E16: Sal/Hora | F16: Encargos (%) | G16: Consumo | H16: Custo Horário
F17: (B) Total: | G17: 0
A19: (C) Itens de Incidência | C19: Código | D19: % | E19: M.O. | F19: Equip. | G19: Mat. | H19: Custo
F20: (C) Total: | G20: 0
A22: Custo Horário da Execução (A) + (B) + (C) | G22: =G14+G17+G20 -> 0
A23: (D) Produção da Equipe | G23: 1
A24: (E) Custo Unitário da Execução [(A) + (B) + (C)] / (D) | G24: =ROUND(G22/G23,2) -> 0
A26: (F) Materiais | C26: Código | D26: Unid. | E26: Consumo | F26: Custo Unitário | H26: Custo Geral
F27: (F) Total: | G27: 0
A29: (G) Serviços | C29: Código | D29: Unid. | E29: Consumo | F29: Custo Unitário | H29: Custo Geral
A30: ALVENARIA DE VEDAÇÃO COM TIJOLO CERÂMICO FURADO, ESP. 9CM, PARA REVESTIMENTO, INCLUSIVE ARGAMASSA PARA ASSENTAMENTO | C30: ED-48231 SEINFRA | D30: m² | E30: =ROUND((2*3.14*1.15*0.43)+(2*3.14*0.75*0.43),2) -> 5.13 | F30: 67.02 | H30: =ROUND((E30*F30),2) -> 343.81
A31: REATERRO MANUAL DE VALA, INCLUSIVE ESPALHAMENTO E COMPACTAÇÃO MANUAL COM SOQUETE | C31: ED-51120 SEINFRA | D31: m³ | E31: =ROUND(((3.14*1.05*1.05)-(3.14*0.85*0.85))*0.43,2) -> 0.51 | F31: 84.9 | H31: =ROUND((E31*F31),2) -> 43.3
A32: CHAPISCO COM ARGAMASSA, TRAÇO 1:3 (CIMENTO E AREIA), ESP. 5MM, APLICADO EM ALVENARIA/ESTRUTURA DE CONCRETO COM COLHER, INCLUSIVE ARGAMASSA COM PREPARO MECANIZADO | C32: ED-50727 SEINFRA | D32: m² | E32: =E30 -> 5.13 | F32: 11.02 | H32: =ROUND((E32*F32),2) -> 56.53
A33: REBOCO COM ARGAMASSA, TRAÇO 1:2:8 (CIMENTO, CAL E AREIA), ESP. 25MM, APLICAÇÃO MANUAL, INCLUSIVE ARGAMASSA COM PREPARO MECANIZADO | C33: ED-6282 SEINFRA | D33: m² | E33: =E32 -> 5.13 | F33: 49.55 | H33: =ROUND((E33*F33),2) -> 254.19
A34: PREPARAÇÃO PARA EMASSAMENTO OU PINTURA (LÁTEX/ACRÍLICA) EM PAREDE, INCLUSIVE UMA (1) DEMÃO DE SELADOR ACRÍLICO | C34: ED-50514 SEINFRA | D34: m² | E34: =E33 -> 5.13 | F34: 8.3 | H34: =ROUND((E34*F34),2) -> 42.58
A35: PINTURA ACRÍLICA EM PAREDE, DUAS (2) DEMÃOS, COM APLICAÇÃO MANUAL, EXCLUSIVE SELADOR ACRÍLICO E MASSA ACRÍLICA/CORRIDA (PVA) | C35: ED-50451 SEINFRA | D35: m² | E35: =E34 -> 5.13 | F35: 17.77 | H35: =ROUND((E35*F35),2) -> 91.16
A36: CONTRAPISO DESEMPENADO COM ARGAMASSA, TRAÇO 1:3 (CIMENTO E AREIA), ESP. 20MM, INCLUSIVE ARGAMASSA COM PREPARO MECANIZADO | C36: ED-50566 SEINFRA | D36: m² | E36: =ROUND((3.14*1.15*1.15)-(3.14*0.75*0.75),2) -> 2.39 | F36: 42.92 | H36: =ROUND((E36*F36),2) -> 102.58
A37: FORNECIMENTO DE CONCRETO NÃO ESTRUTURAL, PREPARADO EM OBRA COM BETONEIRA, COM FCK 15MPA, INCLUSIVE LANÇAMENTO, ADENSAMENTO E ACABAMENTO (FUNDAÇÃO) | C37: ED-49784 SEINFRA | D37: m³ | E37: =E36*0.05 -> 0.1195 | F37: 784.21 | H37: =ROUND((E37*F37),2) -> 93.71
F38: (G) Total: | G38: =SUM(H30:H37) -> 1027.86
A40: (H) Itens de Transporte | B40: Código | C40: Unid. | D40: Fórmula | E40: X1 X2 X3 | F40: Consumo | G40: Custo | H40: Custo Geral
F41: (H) Total: | G41: =SUM(H39:H40) -> 0
A43: Custo Direto Total (E) + (F) + (G) + (H): | G43: =G24+G27+G38+G41 -> 1027.86
A45: Flávio L. Greco S.
A46: Eng.º Civil - CREA-MG 64.880/D

Sheet CPU-04
B1: Município de Maravilhas
B2: Estado de Minas Gerais
B3: CNPJ: 18.313.841/0001-14
A6: COMPOSIÇÃO Nº. 04
A7: REFORMA DA PRAÇA 21 DE ABRIL E DA PRAÇA 13 DE MAIO
A9: INSTALAÇÃO DE EQUIPAMENTOS DE ACADEMIA AO AR LIVRE, FIXADOS COM CONCRETO NÃO ESTRUTURAL, PREPARADO EM OBRA COM BETONEIRA, COM FCK DE 15MPA, INCLUSIVE ESCAVAÇÃO E TRANSPORTE COM RETIRADA DO MATERIAL ESCAVADO (EM CAÇAMBA)
A11: UNIDADE: Unid. | E11: DATA: 30/09/2026
A13: (A) Equipamento | B13: Código | C13: Ut. Pr. | D13: Ut. Impr | E13: Vl. Hr. Prod | F13: Vl. Hr Imp. | G13: Consumo | H13: Custo Horário
F14: (A) Total: | G14: 0
A16: (B) Mão-de-obra | C16: Código | D16: Eq. Salarial | E16: Sal/Hora | F16: Encargos (%) | G16: Consumo | H16: Custo Horário
F17: (B) Total: | G17: 0
A19: (C) Itens de Incidência | C19: Código | D19: % | E19: M.O. | F19: Equip. | G19: Mat. | H19: Custo
F20: (C) Total: | G20: 0
A22: Custo Horário da Execução (A) + (B) + (C) | G22: =G14+G17+G20 -> 0
A23: (D) Produção da Equipe | G23: 1
A24: (E) Custo Unitário da Execução [(A) + (B) + (C)] / (D) | G24: =ROUND(G22/G23,2) -> 0
A26: (F) Materiais | C26: Código | D26: Unid. | E26: Consumo | F26: Custo Unitário | H26: Custo Geral
F27: (F) Total: | G27: 0
A29: (G) Serviços | C29: Código | D29: Unid. | E29: Consumo | F29: Custo Unitário | H29: Custo Geral
A30: SERVENTE COM ENCARGOS COMPLEMENTARES | C30: ED-50367 SEINFRA | D30: H | E30: 0.9 | F30: 24.89 | H30: =ROUND((E30*F30),2) -> 22.4
A31: PEDREIRO COM ENCARGOS COMPLEMENTARES | C31: ED-50381 SEINFRA | D31: H | E31: 0.9 | F31: 33.63 | H31: =ROUND((E31*F31),2) -> 30.27
A32: FORNECIMENTO DE CONCRETO NÃO ESTRUTURAL, PREPARADO EM OBRA COM BETONEIRA, COM FCK 15MPA, INCLUSIVE LANÇAMENTO, ADENSAMENTO E ACABAMENTO (FUNDAÇÃO) | C32: ED-49784 SEINFRA | D32: m³ | E32: 0.08 | F32: 784.21 | H32: =ROUND((E32*F32),2) -> 62.74
A33: ESCAVAÇÃO MANUAL DE VALA COM PROFUNDIDADE MENOR OU IGUAL A 1,5M, INCLUSIVE DESCARGA LATERAL | C33: ED-51107 SEINFRA | D33: m³ | E33: 0.08 | F33: 84.9 | H33: =ROUND((E33*F33),2) -> 6.79
A34: TRANSPORTE DE MATERIAL DEMOLIDO EM CAÇAMBA, EXCLUSIVE CARGA MANUAL OU MECÂNICA | C34: ED-51125 SEINFRA | D34: m³ | E34: 0.08 | F34: 60 | H34: =ROUND((E34*F34),2) -> 4.8
A35: TRANSPORTE DE MATERIAL DE QUALQUER NATUREZA COM CARRINHO DE MÃO, COM DISTÂNCIAS MENORES OU IGUAIS A 50M, INCLUSIVE CARGA/DESCARGA | C35: ED-51133 SEINFRA | D35: m³ | E35: 0.08 | F35: 29.44 | H35: =ROUND((E35*F35),2) -> 2.36
F36: (G) Total: | G36: =SUM(H30:H35) -> 129.36
A38: (H) Itens de Transporte | B38: Código | C38: Unid. | D38: Fórmula | E38: X1 X2 X3 | F38: Consumo | G38: Custo | H38: Custo Geral
F39: (H) Total: | G39: =SUM(H37:H38) -> 0
A41: Custo Direto Total (E) + (F) + (G) + (H): | G41: =G24+G27+G36+G39 -> 129.36
A43: Flávio L. Greco S.
A44: Eng.º Civil - CREA-MG 64.880/D
